Workbook

Sheet Cover
B1: Lamb Weston Holdings, Inc. (NYSE: LW)
B2: Company Model — built by Shortcut
B3: $ millions, except per share
B8: Company | C8: Lamb Weston Holdings, Inc.
B9: Ticker / exchange | C9: LW / New York Stock Exchange
B10: Fiscal year end | C10: Last Sunday of May (FY26 ended 2026-05-31; 53 weeks)
B11: Reporting currency | C11: USD
B12: Forecast period | C12: Q1 FY2027 (1Q27E): 13 weeks ended 2026-08-30
B13: EPS basis | C13: Normalized (LW Adjusted) diluted EPS per common share, USD — CapIQ consensus basis
B14: Information cutoff | C14: 2026-10-04 22:22 UTC
B15: Expected report date | C15: 2026-10-06, 8:00 AM ET (announced; S26) | I15: CapIQ expected_report_date 2026-10-08 (Inputs C34, kept raw) differs; company-announced 2026-10-06 (S26, publication date month-only) corroborated by MarketBeat 2026-09-29 (S15)
B16: Market cap at cutoff | C16: $5.99bn (2026-10-02 close $43.60; S20) — mid cap
B17: Index membership | C17: S&P SmallCap 600 (left S&P 500 on 2026-03-23; S19)
B18: Author | C18: Shortcut
B19: Consensus source | C19: S&P Capital IQ snapshot 2026-10-04 (9 normalized EPS contributors)
B21: Headline estimates — 1Q27E vs consensus vs guidance
B22: Metric | C22: Shortcut est. | D22: Consensus | E22: Var. ($) | F22: Var. (%) | G22: Guidance mid | H22: Est. vs guide | I22: Basis / notes
B23: Net sales ($M) | C23: ='Revenue summary'!H11 -> 1649.3201 | D23: =Inputs!C53 -> 1655.96 | E23: =C23-D23 -> -6.6398891 | F23: =C23/D23-1 -> -0.0040096917 | G23: =Guidance!G38 -> 1659.3 | H23: =C23/G23-1 -> -0.0060145176 | I23: Guide: "flat" Y/Y (S08); consensus mean of 8
B24: Adj. net income ($M) | C24: ='Income Statement'!H130 -> 83.97562 | D24: =Inputs!C66 -> 80.97 | E24: =C24-D24 -> 3.00562 | F24: =C24/D24-1 -> 0.037120169 | G24: =Guidance!G41 -> 84.102375 | H24: =C24/G24-1 -> -0.0015071507 | I24: Consensus = CapIQ net income excl. exceptional items; guide implied (derived)
B25: Adj. diluted EPS ($) | C25: ='Income Statement'!H133 -> 0.60982064 | D25: =Inputs!C37 -> 0.59 | E25: =C25-D25 -> 0.019820639 | F25: =C25/D25-1 -> 0.033594304 | G25: =Guidance!G42 -> 0.60833544 | H25: =C25/G25-1 -> 0.0024414098 | I25: Frozen consensus $0.59 (n=9, range $0.54–0.62); guide implied (derived). D&A basis unresolved: plausible 1Q27E D&A $100.4–104.7M gives EPS ≈$0.616–0.593 (IS I154)
B26: GAAP diluted EPS ($) | C26: ='Income Statement'!H46 -> 0.31426224 | D26: =Inputs!C46 -> 0.52 | E26: =C26-D26 -> -0.20573776 | F26: =C26/D26-1 -> -0.39564954 | G26: n/a | H26: n/a | I26: GAAP consensus n=5; LW issues no GAAP guidance
B27: GAAP net income ($M) | C27: ='Income Statement'!H34 -> 43.27562 | D27: =Inputs!C67 -> 73.68 | E27: =C27-D27 -> -30.40438 | F27: =C27/D27-1 -> -0.41265445 | G27: n/a | H27: n/a | I27: Includes $35M plan charges assumption
B28: Adjusted EBITDA ($M) | C28: ='Income Statement'!H147 -> 265.13281 | D28: =Inputs!C62 -> 261.97 | E28: =C28-D28 -> 3.1628056 | F28: =C28/D28-1 -> 0.01207316 | G28: =Guidance!G40 -> 264.425 | H28: =C28/G28-1 -> 0.0026767727 | I28: Guide: down low-teens % Y/Y (S08)
B29: Historical tie-out check | C29: =IF(AND('Revenue summary'!H63,'Income Statement'!H160,'Balance Sheet'!C44:H44,'Cash Flow Statement'!H146,Geo!H39),"PASS","FAIL") -> PASS | I29: AND of historical tie-out checks on each tab plus Balance Sheet C44:H44 (1Q27E balance is a genuine roll-forward test). Excludes construction identities: Share Count row 37 (row 29 is a plug), 1Q27E identity checks, segment residuals and C30. FY26A adj. EPS (IS G135 = FALSE) is a disclosed $0.008 reconciliation difference, excluded and not forced
B30: Cover ties to statements | C30: =AND(ABS(C23-'Income Statement'!H9)<0.001,ABS(C25-'Income Statement'!H130/'Share Count'!H13)<0.000001,ABS(C24-('Income Statement'!H34+'Income Statement'!H86))<0.001) -> TRUE | I30: Link-integrity memo (identity by construction); excluded from C29
B31: P(beat consensus EPS) | C31: =Inputs!C120 -> 0.7 | I31: Probability reported adjusted EPS is strictly above $0.59; start (8·0.70+6)/14 = 82.9%, adjusted for thin model edge and cost/tax risk (Inputs D)
B32: Confidence | C32: medium
B34: Thesis
B35: • Estimate tracks management’s 1Q27 cadence: net sales ≈flat and Adj. EBITDA −12% Y/Y ($265M) as Q4 potato, edible-oil and freight costs roll through inventory.
B36: • North America: volume +3.5%, price/mix −2%; International: volume −1.5%, price/mix −2%, FX −1% (EMEA weak, Middle East disruption).
B37: • EPS $0.61 vs $0.59 consensus: consensus sits at the bottom of the guided EBITDA range with a ≈28% tax rate; LW beat normalized consensus in all six supplied quarters.
B38: • Risks: tax rate (1H26 ran 30–32%), EMEA price competition, a deteriorating 2026 European crop and July edible-oil spike; each $1M of EBITDA ≈ $0.005/share.

Sheet Revenue summary
B1: Lamb Weston Holdings, Inc. (NYSE: LW)
B2: Revenue summary
B3: $ millions, except per share
B4: Period | C4: 1Q26A | D4: 2Q26A | E4: 3Q26A | F4: 4Q26A | G4: FY26A | H4: 1Q27E | I4: Notes
B5: Period end | C5: 45893 | D5: 45984 | E5: 46075 | F5: 46173 | G5: 46173 | H5: 46264
B6: Days in period | C6: 91 | D6: 91 | E6: 91 | F6: 98 | G6: 371 | H6: 91
B8: Net sales by reported segment
B9: North America | C9: ='Segment - North America'!C33 -> 1084.6 | D9: ='Segment - North America'!D33 -> 1069.5 | E9: ='Segment - North America'!E33 -> 1035 | F9: ='Segment - North America'!F33 -> 1206.2 | G9: ='Segment - North America'!G33 -> 4395.2 | H9: ='Segment - North America'!H33 -> 1100.1098
B10: International | C10: ='Segment - International'!C33 -> 574.7 | D10: ='Segment - International'!D33 -> 548.6 | E10: ='Segment - International'!E33 -> 529.8 | F10: ='Segment - International'!F33 -> 563.9 | G10: ='Segment - International'!G33 -> 2217.1 | H10: ='Segment - International'!H33 -> 549.21033
B11: Total net sales | C11: =C9+C10 -> 1659.3 | D11: =D9+D10 -> 1618.1 | E11: =E9+E10 -> 1564.8 | F11: =F9+F10 -> 1770.1 | G11: =G9+G10 -> 6612.3 | H11: =H9+H10 -> 1649.3201
B12: Reported consolidated net sales | C12: =Inputs!I102 -> 1659.3 | D12: =Inputs!I103 -> 1618.1 | E12: =Inputs!I104 -> 1564.8 | F12: =Inputs!I105 -> 1770.1 | G12: 6612.3 | H12: =H11 -> 1649.3201 | I12: 1Q26A–4Q26A linked to CapIQ revenue_m_actual (Inputs); FY26A from Q4/FY26 release; 1Q27E = model
B13: Check: segments sum to total | C13: =ABS(C11-C12)<0.05 -> TRUE | D13: =ABS(D11-D12)<0.05 -> TRUE | E13: =ABS(E11-E12)<0.05 -> TRUE | F13: =ABS(F11-F12)<0.05 -> TRUE | G13: =ABS(G11-G12)<0.05 -> TRUE | H13: =ABS(H11-H12)<0.05 -> TRUE | I13: 1Q27E (H13) = construction identity - memo only, excluded from PASS
B14: Check: FY = sum of quarters | G14: =ABS(G11-SUM(C11:F11))<0.25 -> TRUE
B15: Geography: ~65% of FY26 sales were to US customers; US / non-US split is on the Geo tab (annual disclosure only).
B17: Total company
B18: Prior-year period net sales | C18: ='Segment - North America'!C11+'Segment - International'!C11 -> 1654.1 | D18: ='Segment - North America'!D11+'Segment - International'!D11 -> 1600.9 | E18: ='Segment - North America'!E11+'Segment - International'!E11 -> 1520.5 | F18: ='Segment - North America'!F11+'Segment - International'!F11 -> 1675.8 | G18: ='Segment - North America'!G11+'Segment - International'!G11 -> 6451.3 | H18: =C11 -> 1659.3
B19: Check: prior year ties to CapIQ | E19: =ABS(E18-Inputs!I100)<0.05 -> TRUE | F19: =ABS(F18-Inputs!I101)<0.05 -> TRUE | I19: 3Q25 and 4Q25 totals vs CapIQ revenue_m_actual (Inputs rows for 2025-02-28 and 2025-05-31)
B20: % Y/Y | C20: =C11/C18-1 -> 0.0031437035 | D20: =D11/D18-1 -> 0.010743957 | E20: =E11/E18-1 -> 0.029135153 | F20: =F11/F18-1 -> 0.056271631 | G20: =G11/G18-1 -> 0.02495621 | H20: =H11/H18-1 -> -0.0060145176
B21: % Q/Q | C21: =C11/F18-1 -> -0.0098460437 | D21: =D11/C11-1 -> -0.024829747 | E21: =E11/D11-1 -> -0.032939868 | F21: =F11/E11-1 -> 0.13119888 | H21: =H11/F11-1 -> -0.06823337 | I21: 4Q26A is a 14-week quarter
B22: % of total net sales | C22: =C11/C11 -> 1 | D22: =D11/D11 -> 1 | E22: =E11/E11 -> 1 | F22: =F11/F11 -> 1 | G22: =G11/G11 -> 1 | H22: =H11/H11 -> 1
B23: Sales volume growth (Y/Y) | C23: 0.06 | D23: 0.08 | E23: 0.07 | F23: 0.07 | G23: 0.07 | H23: =('Segment - North America'!H17+'Segment - International'!H17)/H18 -> 0.017682456
B24: Change vs year-ago quarter (bps) | C24: n/a | D24: n/a | E24: n/a | F24: n/a | G24: n/a | H24: =(H23-C23)*10000 -> -423.17544
B25: Change vs prior quarter (bps) | C25: n/a | D25: =(D23-C23)*10000 -> 200 | E25: =(E23-D23)*10000 -> -100 | F25: =(F23-E23)*10000 -> 0 | H25: =(H23-F23)*10000 -> -523.17544
B26: Price/mix growth (Y/Y, const. ccy) | C26: -0.07 | D26: -0.08 | E26: -0.07 | F26: -0.03 | G26: -0.06 | H26: =('Segment - North America'!H23+'Segment - International'!H23)/H18 -> -0.02
B27: Change vs year-ago quarter (bps) | C27: n/a | D27: n/a | E27: n/a | F27: n/a | G27: n/a | H27: =(H26-C26)*10000 -> 500
B28: Change vs prior quarter (bps) | C28: n/a | D28: =(D26-C26)*10000 -> -100 | E28: =(E26-D26)*10000 -> 100 | F28: =(F26-E26)*10000 -> 400 | H28: =(H26-F26)*10000 -> 100
B29: FX translation impact ($) | C29: ='Segment - North America'!C26+'Segment - International'!C26 -> 23.7 | D29: ='Segment - North America'!D26+'Segment - International'!D26 -> 24.4 | E29: ='Segment - North America'!E26+'Segment - International'!E26 -> 47.4 | F29: ='Segment - North America'!F26+'Segment - International'!F26 -> 27.7 | G29: ='Segment - North America'!G26+'Segment - International'!G26 -> 123.1 | H29: ='Segment - North America'!H26+'Segment - International'!H26 -> -5.747
B30: Memo: extra 53rd week in sales | C30: ='Segment - North America'!C39+'Segment - International'!C39 -> 0 | D30: ='Segment - North America'!D39+'Segment - International'!D39 -> 0 | E30: ='Segment - North America'!E39+'Segment - International'!E39 -> 0 | F30: ='Segment - North America'!F39+'Segment - International'!F39 -> 127.1 | G30: ='Segment - North America'!G39+'Segment - International'!G39 -> 127.1 | H30: ='Segment - North America'!H39+'Segment - International'!H39 -> 0
B31: Growth decomposition — total company
B32: Total Y/Y growth | C32: =C20 -> 0.0031437035 | D32: =D20 -> 0.010743957 | E32: =E20 -> 0.029135153 | F32: =F20 -> 0.056271631 | G32: =G20 -> 0.02495621 | H32: =H20 -> -0.0060145176
B33: M&A (acquisitions / divestitures) | C33: =('Segment - North America'!C43*'Segment - North America'!C11+'Segment - International'!C43*'Segment - International'!C11)/C18 -> 0 | D33: =('Segment - North America'!D43*'Segment - North America'!D11+'Segment - International'!D43*'Segment - International'!D11)/D18 -> 0 | E33: =('Segment - North America'!E43*'Segment - North America'!E11+'Segment - International'!E43*'Segment - International'!E11)/E18 -> 0 | F33: =('Segment - North America'!F43*'Segment - North America'!F11+'Segment - International'!F43*'Segment - International'!F11)/F18 -> 0 | G33: =('Segment - North America'!G43*'Segment - North America'!G11+'Segment - International'!G43*'Segment - International'!G11)/G18 -> 0 | H33: =('Segment - North America'!H43*'Segment - North America'!H11+'Segment - International'!H43*'Segment - International'!H11)/H18 -> 0 | I33: Sales-weighted segment M&A; none in the period (FY26 10-K)
B34: Scope: extra 53rd week | C34: =C30/C18 -> 0 | D34: =D30/D18 -> 0 | E34: =E30/E18 -> 0 | F34: =F30/F18 -> 0.075844373 | G34: =G30/G18 -> 0.019701456 | H34: =H30/H18 -> 0
B35: FX impact | C35: =C29/C18 -> 0.014328033 | D35: =D29/D18 -> 0.015241427 | E35: =E29/E18 -> 0.031173956 | F35: =F29/F18 -> 0.016529419 | G35: =G29/G18 -> 0.019081425 | H35: =H29/H18 -> -0.0034635087
B36: Organic growth | C36: =(1+C32)/((1+C33)*(1+C34)*(1+C35))-1 -> -0.011026344 | D36: =(1+D32)/((1+D33)*(1+D34)*(1+D35))-1 -> -0.0044299514 | E36: =(1+E32)/((1+E33)*(1+E34)*(1+E35))-1 -> -0.0019771669 | F36: =(1+F32)/((1+F33)*(1+F34)*(1+F35))-1 -> -0.034157723 | G36: =(1+G32)/((1+G33)*(1+G34)*(1+G35))-1 -> -0.013667403 | H36: =(1+H32)/((1+H33)*(1+H34)*(1+H35))-1 -> -0.0025598751
B37: Change vs prior quarter (bps) | C37: n/a | D37: =(D36-C36)*10000 -> 65.963926 | E37: =(E36-D36)*10000 -> 24.527845 | F37: =(F36-E36)*10000 -> -321.80556 | H37: =(H36-F36)*10000 -> 315.97848
B38: Net sales at constant currency | C38: =C11-C29 -> 1635.6 | D38: =D11-D29 -> 1593.7 | E38: =E11-E29 -> 1517.4 | F38: =F11-F29 -> 1742.4 | G38: =G11-G29 -> 6489.2 | H38: =H11-H29 -> 1655.0671
B39: Constant-currency growth | C39: =C38/C18-1 -> -0.01118433 | D39: =D38/D18-1 -> -0.0044974702 | E39: =E38/E18-1 -> -0.002038803 | F39: =F38/F18-1 -> 0.039742213 | G39: =G38/G18-1 -> 0.0058747849 | H39: =H38/H18-1 -> -0.0025510089
B40: Net sales excl. FX & extra week | C40: =C38-C30 -> 1635.6 | D40: =D38-D30 -> 1593.7 | E40: =E38-E30 -> 1517.4 | F40: =F38-F30 -> 1615.3 | G40: =G38-G30 -> 6362.1 | H40: =H38-H30 -> 1655.0671
B41: Growth excl. FX & extra week | C41: =C40/C18-1 -> -0.01118433 | D41: =D40/D18-1 -> -0.0044974702 | E41: =E40/E18-1 -> -0.002038803 | F41: =F40/F18-1 -> -0.03610216 | G41: =G40/G18-1 -> -0.013826671 | H41: =H40/H18-1 -> -0.0025510089
B43: North America (detail on Segment - North America tab)
B44: Net sales — North America | C44: =C9 -> 1084.6 | D44: =D9 -> 1069.5 | E44: =E9 -> 1035 | F44: =F9 -> 1206.2 | G44: =G9 -> 4395.2 | H44: =H9 -> 1100.1098
B45: % Y/Y | C45: =C9/'Segment - North America'!C11-1 -> -0.017305427 | D45: =D9/'Segment - North America'!D11-1 -> -0.0024251469 | E45: =E9/'Segment - North America'!E11-1 -> 0.049376457 | F45: =F9/'Segment - North America'!F11-1 -> 0.093463875 | G45: =G9/'Segment - North America'!G11-1 -> 0.030479227 | H45: =H9/'Segment - North America'!H11-1 -> 0.0143
B46: % Q/Q | C46: =C9/'Segment - North America'!F11-1 -> -0.016770918 | D46: =D9/C9-1 -> -0.013922183 | E46: =E9/D9-1 -> -0.032258065 | F46: =F9/E9-1 -> 0.16541063 | H46: =H9/F9-1 -> -0.087954087
B47: % of total net sales | C47: =C9/C11 -> 0.65364913 | D47: =D9/D11 -> 0.66096039 | E47: =E9/E11 -> 0.66142638 | F47: =F9/F11 -> 0.68143043 | G47: =G9/G11 -> 0.66470063 | H47: =H9/H11 -> 0.66700804
B48: M&A | C48: ='Segment - North America'!C43 -> 0 | D48: ='Segment - North America'!D43 -> 0 | E48: ='Segment - North America'!E43 -> 0 | F48: ='Segment - North America'!F43 -> 0 | G48: ='Segment - North America'!G43 -> 0 | H48: ='Segment - North America'!H43 -> 0
B49: Scope: extra 53rd week | C49: ='Segment - North America'!C44 -> 0 | D49: ='Segment - North America'!D44 -> 0 | E49: ='Segment - North America'!E44 -> 0 | F49: ='Segment - North America'!F44 -> 0.078324721 | G49: ='Segment - North America'!G44 -> 0.020256963 | H49: ='Segment - North America'!H44 -> 0
B50: FX impact | C50: ='Segment - North America'!C45 -> -0.00072483465 | D50: ='Segment - North America'!D45 -> 0.0016789479 | E50: ='Segment - North America'!E45 -> 0.0037513941 | F50: ='Segment - North America'!F45 -> 0.0029915692 | G50: ='Segment - North America'!G45 -> 0.0018287536 | H50: ='Segment - North America'!H45 -> 0
B51: Organic growth | C51: =(1+C45)/((1+C48)*(1+C49)*(1+C50))-1 -> -0.016592619 | D51: =(1+D45)/((1+D48)*(1+D49)*(1+D50))-1 -> -0.0040972158 | E51: =(1+E45)/((1+E48)*(1+E49)*(1+E50))-1 -> 0.045454545 | F51: =(1+F45)/((1+F48)*(1+F49)*(1+F50))-1 -> 0.011014991 | G51: =(1+G45)/((1+G48)*(1+G49)*(1+G50))-1 -> 0.0081755985 | H51: =(1+H45)/((1+H48)*(1+H49)*(1+H50))-1 -> 0.0143
B53: International (detail on Segment - International tab)
B54: Net sales — International | C54: =C10 -> 574.7 | D54: =D10 -> 548.6 | E54: =E10 -> 529.8 | F54: =F10 -> 563.9 | G54: =G10 -> 2217.1 | H54: =H10 -> 549.21033
B55: % Y/Y | C55: =C10/'Segment - International'!C11-1 -> 0.044149709 | D55: =D10/'Segment - International'!D11-1 -> 0.037443268 | E55: =E10/'Segment - International'!E11-1 -> -0.0082366155 | F55: =F10/'Segment - International'!F11-1 -> -0.015365811 | G55: =G10/'Segment - International'!G11-1 -> 0.014180504 | H55: =H10/'Segment - International'!H11-1 -> -0.044353
B56: % Q/Q | C56: =C10/'Segment - International'!F11-1 -> 0.0034922298 | D56: =D10/C10-1 -> -0.045414999 | E56: =E10/D10-1 -> -0.034269048 | F56: =F10/E10-1 -> 0.064363911 | H56: =H10/F10-1 -> -0.026050131
B57: % of total net sales | C57: =C10/C11 -> 0.34635087 | D57: =D10/D11 -> 0.33903961 | E57: =E10/E11 -> 0.33857362 | F57: =F10/F11 -> 0.31856957 | G57: =G10/G11 -> 0.33529937 | H57: =H10/H11 -> 0.33299196
B58: M&A | C58: ='Segment - International'!C43 -> 0 | D58: ='Segment - International'!D43 -> 0 | E58: ='Segment - International'!E43 -> 0 | F58: ='Segment - International'!F43 -> 0 | G58: ='Segment - International'!G43 -> 0 | H58: ='Segment - International'!H43 -> 0
B59: Scope: extra 53rd week | C59: ='Segment - International'!C44 -> 0 | D59: ='Segment - International'!D44 -> 0 | E59: ='Segment - International'!E44 -> 0 | F59: ='Segment - International'!F44 -> 0.071066876 | G59: ='Segment - International'!G44 -> 0.01861763 | H59: ='Segment - International'!H44 -> 0
B60: FX impact | C60: ='Segment - International'!C45 -> 0.044513081 | D60: ='Segment - International'!D45 -> 0.042738275 | E60: ='Segment - International'!E45 -> 0.081804568 | F60: ='Segment - International'!F45 -> 0.042605203 | G60: ='Segment - International'!G45 -> 0.052742327 | H60: ='Segment - International'!H45 -> -0.01
B61: Organic growth | C61: =(1+C55)/((1+C58)*(1+C59)*(1+C60))-1 -> -0.00034788659 | D61: =(1+D55)/((1+D58)*(1+D59)*(1+D60))-1 -> -0.0050779833 | E61: =(1+E55)/((1+E58)*(1+E59)*(1+E60))-1 -> -0.083232393 | F61: =(1+F55)/((1+F58)*(1+F59)*(1+F60))-1 -> -0.11826428 | G61: =(1+G55)/((1+G58)*(1+G59)*(1+G60))-1 -> -0.054237729 | H61: =(1+H55)/((1+H58)*(1+H59)*(1+H60))-1 -> -0.0347
B63: Check: historical tie-outs pass | H63: =AND(C13:G13,G14,E19:F19) -> TRUE | I63: Excludes 1Q27E H13 (H12 = H11 by construction) and segment build residuals (disclosed as assumptions on segment tabs)

Sheet Segment - North America
B1: Lamb Weston Holdings, Inc. (NYSE: LW)
B2: Segment - North America — net sales and Segment Adjusted EBITDA build
B3: $ millions, except per share
B4: Period | C4: 1Q26A | D4: 2Q26A | E4: 3Q26A | F4: 4Q26A | G4: FY26A | H4: 1Q27E | I4: Notes
B5: Period end | C5: 45893 | D5: 45984 | E5: 46075 | F5: 46173 | G5: 46173 | H5: 46264
B6: Days in period | C6: 91 | D6: 91 | E6: 91 | F6: 98 | G6: 371 | H6: 91
B8: Note: LW does not disclose pounds shipped, customer counts or unit prices; the ladder uses reported volume % and price/mix % (constant currency).
B10: Net sales build (driver ladder)
B11: Prior-year period net sales | C11: 1103.7 | D11: 1072.1 | E11: 986.3 | F11: 1103.1 | G11: 4265.2 | H11: =C33 -> 1084.6 | I11: Comparative column of each release; 1Q27E = 1Q26A (year-ago quarter)
B12: Y/Y change ($) | C12: n/a | D12: n/a | E12: n/a | F12: n/a | G12: n/a | H12: =H11-C11 -> -19.1
B13: Q/Q change ($) | C13: n/a | D13: =D11-C11 -> -31.6 | E13: =E11-D11 -> -85.8 | F13: =F11-E11 -> 116.8 | H13: =H11-F11 -> -18.5
B14: Sales volume growth (Y/Y) | C14: 0.05 | D14: 0.08 | E14: 0.12 | F14: 0.11 | G14: 0.09 | H14: 0.035 | I14: 1Q27E +3.5%: FY27 guide low-single-digit NA volume growth (S08); 4Q26 underlying volume ≈+3% ex extra week; Zacks consensus NA volume +3.8% (S11)
B15: Change vs year-ago quarter (bps) | C15: n/a | D15: n/a | E15: n/a | F15: n/a | G15: n/a | H15: =(H14-C14)*10000 -> -150
B16: Change vs prior quarter (bps) | C16: n/a | D16: =(D14-C14)*10000 -> 300 | E16: =(E14-D14)*10000 -> 400 | F16: =(F14-E14)*10000 -> -100 | H16: =(H14-F14)*10000 -> -750
B17: Volume contribution ($) | C17: =C11*C14 -> 55.185 | D17: =D11*D14 -> 85.768 | E17: =E11*E14 -> 118.356 | F17: =F11*F14 -> 121.341 | G17: =G11*G14 -> 383.868 | H17: =H11*H14 -> 37.961
B18: Y/Y change ($) | C18: n/a | D18: n/a | E18: n/a | F18: n/a | G18: n/a | H18: =H17-C17 -> -17.224
B19: Q/Q change ($) | C19: n/a | D19: =D17-C17 -> 30.583 | E19: =E17-D17 -> 32.588 | F19: =F17-E17 -> 2.985 | H19: =H17-F17 -> -83.38
B20: Price/mix growth (Y/Y, const. ccy) | C20: -0.07 | D20: -0.08 | E20: -0.07 | F20: -0.02 | G20: -0.06 | H20: -0.02 | I20: 1Q27E −2.0%: FY27 guide low-single-digit NA price/mix decline; 4Q26 −2% with price and mix equal (S08)
B21: Change vs year-ago quarter (bps) | C21: n/a | D21: n/a | E21: n/a | F21: n/a | G21: n/a | H21: =(H20-C20)*10000 -> 500
B22: Change vs prior quarter (bps) | C22: n/a | D22: =(D20-C20)*10000 -> -100 | E22: =(E20-D20)*10000 -> 100 | F22: =(F20-E20)*10000 -> 500 | H22: =(H20-F20)*10000 -> 0
B23: Price/mix contribution ($) | C23: =C11*C20 -> -77.259 | D23: =D11*D20 -> -85.768 | E23: =E11*E20 -> -69.041 | F23: =F11*F20 -> -22.062 | G23: =G11*G20 -> -255.912 | H23: =H11*H20 -> -21.692
B24: Y/Y change ($) | C24: n/a | D24: n/a | E24: n/a | F24: n/a | G24: n/a | H24: =H23-C23 -> 55.567
B25: Q/Q change ($) | C25: n/a | D25: =D23-C23 -> -8.509 | E25: =E23-D23 -> 16.727 | F25: =F23-E23 -> 46.979 | H25: =H23-F23 -> 0.37
B26: FX translation impact ($) | C26: -0.8 | D26: 1.8 | E26: 3.7 | F26: 3.3 | G26: 7.8 | H26: =H11*H29 -> 0 | I26: Reported net sales less net sales at constant currency (sign: + = favourable); FY26A is the reported annual figure (quarters sum to 8.0 vs 7.8; rounding)
B27: Y/Y change ($) | C27: n/a | D27: n/a | E27: n/a | F27: n/a | G27: n/a | H27: =H26-C26 -> 0.8
B28: Q/Q change ($) | C28: n/a | D28: =D26-C26 -> 2.6 | E28: =E26-D26 -> 1.9 | F28: =F26-E26 -> -0.4 | H28: =H26-F26 -> -3.3
B29: FX impact (% of prior-year sales) | C29: =C26/C11 -> -0.00072483465 | D29: =D26/D11 -> 0.0016789479 | E29: =E26/E11 -> 0.0037513941 | F29: =F26/F11 -> 0.0029915692 | G29: =G26/G11 -> 0.0018287536 | H29: 0 | I29: 1Q27E 0.0%: NA is USD/CAD/MXN; FX immaterial in every FY26 quarter (≤0.4%)
B30: Change vs year-ago quarter (bps) | C30: n/a | D30: n/a | E30: n/a | F30: n/a | G30: n/a | H30: =(H29-C29)*10000 -> 7.2483465
B31: Change vs prior quarter (bps) | C31: n/a | D31: =(D29-C29)*10000 -> 24.037825 | E31: =(E29-D29)*10000 -> 20.724462 | F31: =(F29-E29)*10000 -> -7.5982489 | H31: =(H29-F29)*10000 -> -29.915692
B32: Rounding / interaction | C32: =C33-C11-C17-C23-C26 -> 3.774 | D32: =D33-D11-D17-D23-D26 -> -4.4 | E32: =E33-E11-E17-E23-E26 -> -4.315 | F32: =F33-F11-F17-F23-F26 -> 0.521 | G32: =G33-G11-G17-G23-G26 -> -5.756 | H32: =H33-H11-H17-H23-H26 -> -0.75922 | I32: Volume and price/mix are disclosed as rounded whole percentages; 1Q27E residual = multiplicative cross-terms
B33: Net sales — North America | C33: 1084.6 | D33: 1069.5 | E33: 1035 | F33: 1206.2 | G33: 4395.2 | H33: =H11*(1+H14)*(1+H20)*(1+H29) -> 1100.1098 | I33: FY26A = 10-K/Q4 release reported annual figure (quarters sum within $0.1M rounding)
B34: % Y/Y | C34: =C33/C11-1 -> -0.017305427 | D34: =D33/D11-1 -> -0.0024251469 | E34: =E33/E11-1 -> 0.049376457 | F34: =F33/F11-1 -> 0.093463875 | G34: =G33/G11-1 -> 0.030479227 | H34: =H33/H11-1 -> 0.0143
B35: % Q/Q | C35: =C33/F11-1 -> -0.016770918 | D35: =D33/C33-1 -> -0.013922183 | E35: =E33/D33-1 -> -0.032258065 | F35: =F33/E33-1 -> 0.16541063 | H35: =H33/F33-1 -> -0.087954087 | I35: 4Q26A is a 14-week quarter
B36: Y/Y change ($) | C36: =C33-C11 -> -19.1 | D36: =D33-D11 -> -2.6 | E36: =E33-E11 -> 48.7 | F36: =F33-F11 -> 103.1 | G36: =G33-G11 -> 130 | H36: =H33-H11 -> 15.50978
B37: Q/Q change ($) | C37: =C33-F11 -> -18.5 | D37: =D33-C33 -> -15.1 | E37: =E33-D33 -> -34.5 | F37: =F33-E33 -> 171.2 | H37: =H33-F33 -> -106.09022
B38: % of total company net sales | C38: =C33/'Revenue summary'!C11 -> 0.65364913 | D38: =D33/'Revenue summary'!D11 -> 0.66096039 | E38: =E33/'Revenue summary'!E11 -> 0.66142638 | F38: =F33/'Revenue summary'!F11 -> 0.68143043 | G38: =G33/'Revenue summary'!G11 -> 0.66470063 | H38: =H33/'Revenue summary'!H11 -> 0.66700804
B39: Memo: extra 53rd week in sales | C39: 0 | D39: 0 | E39: 0 | F39: 86.4 | G39: 86.4 | H39: 0 | I39: Only 4Q26 (14 weeks) and FY26 (53 weeks) include an extra week; 13-week quarters carry none; 1Q27E is a 13-week quarter
B41: Growth decomposition
B42: Total Y/Y growth | C42: =C34 -> -0.017305427 | D42: =D34 -> -0.0024251469 | E42: =E34 -> 0.049376457 | F42: =F34 -> 0.093463875 | G42: =G34 -> 0.030479227 | H42: =H34 -> 0.0143
B43: M&A (acquisitions / divestitures) | C43: 0 | D43: 0 | E43: 0 | F43: 0 | G43: 0 | H43: 0 | I43: No acquisitions/divestitures in FY26 or announced for 1Q27 (Broekhuizenvorst is a plant closure, not a divestiture)
B44: Scope: extra 53rd week | C44: =C39/C11 -> 0 | D44: =D39/D11 -> 0 | E44: =E39/E11 -> 0 | F44: =F39/F11 -> 0.078324721 | G44: =G39/G11 -> 0.020256963 | H44: =H39/H11 -> 0
B45: FX impact | C45: =C29 -> -0.00072483465 | D45: =D29 -> 0.0016789479 | E45: =E29 -> 0.0037513941 | F45: =F29 -> 0.0029915692 | G45: =G29 -> 0.0018287536 | H45: =H29 -> 0
B46: Organic growth | C46: =(1+C42)/((1+C43)*(1+C44)*(1+C45))-1 -> -0.016592619 | D46: =(1+D42)/((1+D43)*(1+D44)*(1+D45))-1 -> -0.0040972158 | E46: =(1+E42)/((1+E43)*(1+E44)*(1+E45))-1 -> 0.045454545 | F46: =(1+F42)/((1+F43)*(1+F44)*(1+F45))-1 -> 0.011014991 | G46: =(1+G42)/((1+G43)*(1+G44)*(1+G45))-1 -> 0.0081755985 | H46: =(1+H42)/((1+H43)*(1+H44)*(1+H45))-1 -> 0.0143
B47: Change vs prior quarter (bps) | C47: n/a | D47: =(D46-C46)*10000 -> 124.95404 | E47: =(E46-D46)*10000 -> 495.51761 | F47: =(F46-E46)*10000 -> -344.39554 | H47: =(H46-F46)*10000 -> 32.850089
B48: Net sales at constant currency | C48: =C33-C26 -> 1085.4 | D48: =D33-D26 -> 1067.7 | E48: =E33-E26 -> 1031.3 | F48: =F33-F26 -> 1202.9 | G48: =G33-G26 -> 4387.4 | H48: =H33-H26 -> 1100.1098
B49: Constant-currency growth | C49: =C48/C11-1 -> -0.016580593 | D49: =D48/D11-1 -> -0.0041040948 | E49: =E48/E11-1 -> 0.045625063 | F49: =F48/F11-1 -> 0.090472305 | G49: =G48/G11-1 -> 0.028650474 | H49: =H48/H11-1 -> 0.0143
B50: Net sales excl. FX & extra week | C50: =C48-C39 -> 1085.4 | D50: =D48-D39 -> 1067.7 | E50: =E48-E39 -> 1031.3 | F50: =F48-F39 -> 1116.5 | G50: =G48-G39 -> 4301 | H50: =H48-H39 -> 1100.1098
B51: Growth excl. FX & extra week | C51: =C50/C11-1 -> -0.016580593 | D51: =D50/D11-1 -> -0.0041040948 | E51: =E50/E11-1 -> 0.045625063 | F51: =F50/F11-1 -> 0.012147584 | G51: =G50/G11-1 -> 0.0083935103 | H51: =H50/H11-1 -> 0.0143
B53: Segment profit
B54: Prior-year Segment Adj. EBITDA | C54: 278 | D54: 269.2 | E54: 302.6 | F54: 259.6 | G54: 1109.4 | H54: =C58 -> 260
B55: Segment Adj. EBITDA margin | C55: =C58/C33 -> 0.23971971 | D55: =D58/D33 -> 0.26909771 | E55: =E58/E33 -> 0.28 | F55: =F58/F33 -> 0.25261151 | G55: =G58/G33 -> 0.25989716 | H55: 0.239 | I55: 1Q27E 23.9%: guided carry-over potato/edible-oil inflation in Q1 (S08) vs 24.0% in 1Q26A; Zacks NA EBITDA consensus $261.0M (S11)
B56: Change Y/Y (bps) | C56: =(C55-C54/C11)*10000 -> -121.60328 | D56: =(D55-D54/D11)*10000 -> 180.01729 | E56: =(E55-E54/E11)*10000 -> -268.03204 | F56: =(F55-F54/F11)*10000 -> 172.74729 | G56: =(G55-G54/G11)*10000 -> -2.0787557 | H56: =(H55-H54/H11)*10000 -> -7.1971234
B57: Change vs prior quarter (bps) | C57: =(C55-F54/F11)*10000 -> 43.829342 | D57: =(D55-C55)*10000 -> 293.77997 | E57: =(E55-D55)*10000 -> 109.02291 | F57: =(F55-E55)*10000 -> -273.88493 | H57: =(H55-F55)*10000 -> -136.11507
B58: Segment Adj. EBITDA — North America | C58: 260 | D58: 287.8 | E58: 289.8 | F58: 304.7 | G58: 1142.3 | H58: =H33*H55 -> 262.92624
B59: % Y/Y | C59: =C58/C54-1 -> -0.064748201 | D59: =D58/D54-1 -> 0.069093611 | E59: =E58/E54-1 -> -0.042300066 | F59: =F58/F54-1 -> 0.17372881 | G59: =G58/G54-1 -> 0.02965567 | H59: =H58/H54-1 -> 0.011254759
B60: Y/Y change ($) | C60: =C58-C54 -> -18 | D60: =D58-D54 -> 18.6 | E60: =E58-E54 -> -12.8 | F60: =F58-F54 -> 45.1 | G60: =G58-G54 -> 32.9 | H60: =H58-H54 -> 2.9262374
B61: Q/Q change ($) | C61: =C58-F54 -> 0.4 | D61: =D58-C58 -> 27.8 | E61: =E58-D58 -> 2 | F61: =F58-E58 -> 14.9 | H61: =H58-F58 -> -41.773763
B62: Memo: extra-week EBITDA | C62: 0 | D62: 0 | E62: 0 | F62: 25.5 | G62: 25.5 | H62: 0
B63: Segment Adj. EBITDA excl. extra wk | C63: =C58-C62 -> 260 | D63: =D58-D62 -> 287.8 | E63: =E58-E62 -> 289.8 | F63: =F58-F62 -> 279.2 | G63: =G58-G62 -> 1116.8 | H63: =H58-H62 -> 262.92624
B64: Margin excl. extra week | C64: =C63/(C33-C39) -> 0.23971971 | D64: =D63/(D33-D39) -> 0.26909771 | E64: =E63/(E33-E39) -> 0.28 | F64: =F63/(F33-F39) -> 0.24933024 | G64: =G63/(G33-G39) -> 0.25919049 | H64: =H63/(H33-H39) -> 0.239
B66: Memo: build residual within ±1% (assumption) | C66: =ABS(C32/C11)<0.01 -> TRUE | D66: =ABS(D32/D11)<0.01 -> TRUE | E66: =ABS(E32/E11)<0.01 -> TRUE | F66: =ABS(F32/F11)<0.01 -> TRUE | G66: =ABS(G32/G11)<0.01 -> TRUE | H66: =ABS(H32/H11)<0.01 -> TRUE | I66: Volume and price/mix are rounded whole percentages, so a small residual is expected; >1% would signal a data error. Disclosed residual, excluded from PASS; 1Q27E residual = multiplicative cross-terms by construction

Sheet Segment - International
B1: Lamb Weston Holdings, Inc. (NYSE: LW)
B2: Segment - International — net sales and Segment Adjusted EBITDA build
B3: $ millions, except per share
B4: Period | C4: 1Q26A | D4: 2Q26A | E4: 3Q26A | F4: 4Q26A | G4: FY26A | H4: 1Q27E | I4: Notes
B5: Period end | C5: 45893 | D5: 45984 | E5: 46075 | F5: 46173 | G5: 46173 | H5: 46264
B6: Days in period | C6: 91 | D6: 91 | E6: 91 | F6: 98 | G6: 371 | H6: 91
B8: Note: LW does not disclose pounds shipped, customer counts or unit prices; the ladder uses reported volume % and price/mix % (constant currency).
B10: Net sales build (driver ladder)
B11: Prior-year period net sales | C11: 550.4 | D11: 528.8 | E11: 534.2 | F11: 572.7 | G11: 2186.1 | H11: =C33 -> 574.7 | I11: Comparative column of each release; 1Q27E = 1Q26A (year-ago quarter)
B12: Y/Y change ($) | C12: n/a | D12: n/a | E12: n/a | F12: n/a | G12: n/a | H12: =H11-C11 -> 24.3
B13: Q/Q change ($) | C13: n/a | D13: =D11-C11 -> -21.6 | E13: =E11-D11 -> 5.4 | F13: =F11-E11 -> 38.5 | H13: =H11-F11 -> 2
B14: Sales volume growth (Y/Y) | C14: 0.06 | D14: 0.07 | E14: -0.02 | F14: -0.02 | G14: 0.02 | H14: -0.015 | I14: 1Q27E −1.5%: EMEA weakness and Middle East shipment disruption (4Q26 underlying volume ≈−9% ex extra week) partly offset by APAC/LatAm growth; FY27 guide LSD volume growth; Zacks consensus −0.5% (S11)
B15: Change vs year-ago quarter (bps) | C15: n/a | D15: n/a | E15: n/a | F15: n/a | G15: n/a | H15: =(H14-C14)*10000 -> -750
B16: Change vs prior quarter (bps) | C16: n/a | D16: =(D14-C14)*10000 -> 100 | E16: =(E14-D14)*10000 -> -900 | F16: =(F14-E14)*10000 -> 0 | H16: =(H14-F14)*10000 -> 50
B17: Volume contribution ($) | C17: =C11*C14 -> 33.024 | D17: =D11*D14 -> 37.016 | E17: =E11*E14 -> -10.684 | F17: =F11*F14 -> -11.454 | G17: =G11*G14 -> 43.722 | H17: =H11*H14 -> -8.6205
B18: Y/Y change ($) | C18: n/a | D18: n/a | E18: n/a | F18: n/a | G18: n/a | H18: =H17-C17 -> -41.6445
B19: Q/Q change ($) | C19: n/a | D19: =D17-C17 -> 3.992 | E19: =E17-D17 -> -47.7 | F19: =F17-E17 -> -0.77 | H19: =H17-F17 -> 2.8335
B20: Price/mix growth (Y/Y, const. ccy) | C20: -0.06 | D20: -0.08 | E20: -0.07 | F20: -0.04 | G20: -0.06 | H20: -0.02 | I20: 1Q27E −2.0%: FY27 guide low-to-mid-single-digit price/mix investment, EMEA competitive pricing (S08); 4Q26 −4%
B21: Change vs year-ago quarter (bps) | C21: n/a | D21: n/a | E21: n/a | F21: n/a | G21: n/a | H21: =(H20-C20)*10000 -> 400
B22: Change vs prior quarter (bps) | C22: n/a | D22: =(D20-C20)*10000 -> -200 | E22: =(E20-D20)*10000 -> 100 | F22: =(F20-E20)*10000 -> 300 | H22: =(H20-F20)*10000 -> 200
B23: Price/mix contribution ($) | C23: =C11*C20 -> -33.024 | D23: =D11*D20 -> -42.304 | E23: =E11*E20 -> -37.394 | F23: =F11*F20 -> -22.908 | G23: =G11*G20 -> -131.166 | H23: =H11*H20 -> -11.494
B24: Y/Y change ($) | C24: n/a | D24: n/a | E24: n/a | F24: n/a | G24: n/a | H24: =H23-C23 -> 21.53
B25: Q/Q change ($) | C25: n/a | D25: =D23-C23 -> -9.28 | E25: =E23-D23 -> 4.91 | F25: =F23-E23 -> 14.486 | H25: =H23-F23 -> 11.414
B26: FX translation impact ($) | C26: 24.5 | D26: 22.6 | E26: 43.7 | F26: 24.4 | G26: 115.3 | H26: =H11*H29 -> -5.747 | I26: Reported net sales less net sales at constant currency (sign: + = favourable); FY26A is the reported annual figure (quarters sum to 115.2 vs 115.3; rounding)
B27: Y/Y change ($) | C27: n/a | D27: n/a | E27: n/a | F27: n/a | G27: n/a | H27: =H26-C26 -> -30.247
B28: Q/Q change ($) | C28: n/a | D28: =D26-C26 -> -1.9 | E28: =E26-D26 -> 21.1 | F28: =F26-E26 -> -19.3 | H28: =H26-F26 -> -30.147
B29: FX impact (% of prior-year sales) | C29: =C26/C11 -> 0.044513081 | D29: =D26/D11 -> 0.042738275 | E29: =E26/E11 -> 0.081804568 | F29: =F26/F11 -> 0.042605203 | G29: =G26/G11 -> 0.052742327 | H29: -0.01 | I29: 1Q27E −1.0%: EUR/USD Jun–Aug 2026 avg ≈1.151 (Banque de France, S22) vs ≈1.16 a year earlier (S23)
B30: Change vs year-ago quarter (bps) | C30: n/a | D30: n/a | E30: n/a | F30: n/a | G30: n/a | H30: =(H29-C29)*10000 -> -545.13081
B31: Change vs prior quarter (bps) | C31: n/a | D31: =(D29-C29)*10000 -> -17.748061 | E31: =(E29-D29)*10000 -> 390.66292 | F31: =(F29-E29)*10000 -> -391.99364 | H31: =(H29-F29)*10000 -> -526.05203
B32: Rounding / interaction | C32: =C33-C11-C17-C23-C26 -> -0.2 | D32: =D33-D11-D17-D23-D26 -> 2.488 | E32: =E33-E11-E17-E23-E26 -> -0.022 | F32: =F33-F11-F17-F23-F26 -> 1.162 | G32: =G33-G11-G17-G23-G26 -> 3.144 | H32: =H33-H11-H17-H23-H26 -> 0.3718309 | I32: Volume and price/mix are disclosed as rounded whole percentages; 1Q27E residual = multiplicative cross-terms
B33: Net sales — International | C33: 574.7 | D33: 548.6 | E33: 529.8 | F33: 563.9 | G33: 2217.1 | H33: =H11*(1+H14)*(1+H20)*(1+H29) -> 549.21033 | I33: FY26A = 10-K/Q4 release reported annual figure (quarters sum within $0.1M rounding)
B34: % Y/Y | C34: =C33/C11-1 -> 0.044149709 | D34: =D33/D11-1 -> 0.037443268 | E34: =E33/E11-1 -> -0.0082366155 | F34: =F33/F11-1 -> -0.015365811 | G34: =G33/G11-1 -> 0.014180504 | H34: =H33/H11-1 -> -0.044353
B35: % Q/Q | C35: =C33/F11-1 -> 0.0034922298 | D35: =D33/C33-1 -> -0.045414999 | E35: =E33/D33-1 -> -0.034269048 | F35: =F33/E33-1 -> 0.064363911 | H35: =H33/F33-1 -> -0.026050131 | I35: 4Q26A is a 14-week quarter
B36: Y/Y change ($) | C36: =C33-C11 -> 24.3 | D36: =D33-D11 -> 19.8 | E36: =E33-E11 -> -4.4 | F36: =F33-F11 -> -8.8 | G36: =G33-G11 -> 31 | H36: =H33-H11 -> -25.489669
B37: Q/Q change ($) | C37: =C33-F11 -> 2 | D37: =D33-C33 -> -26.1 | E37: =E33-D33 -> -18.8 | F37: =F33-E33 -> 34.1 | H37: =H33-F33 -> -14.689669
B38: % of total company net sales | C38: =C33/'Revenue summary'!C11 -> 0.34635087 | D38: =D33/'Revenue summary'!D11 -> 0.33903961 | E38: =E33/'Revenue summary'!E11 -> 0.33857362 | F38: =F33/'Revenue summary'!F11 -> 0.31856957 | G38: =G33/'Revenue summary'!G11 -> 0.33529937 | H38: =H33/'Revenue summary'!H11 -> 0.33299196
B39: Memo: extra 53rd week in sales | C39: 0 | D39: 0 | E39: 0 | F39: 40.7 | G39: 40.7 | H39: 0 | I39: Only 4Q26 (14 weeks) and FY26 (53 weeks) include an extra week; 13-week quarters carry none; 1Q27E is a 13-week quarter
B41: Growth decomposition
B42: Total Y/Y growth | C42: =C34 -> 0.044149709 | D42: =D34 -> 0.037443268 | E42: =E34 -> -0.0082366155 | F42: =F34 -> -0.015365811 | G42: =G34 -> 0.014180504 | H42: =H34 -> -0.044353
B43: M&A (acquisitions / divestitures) | C43: 0 | D43: 0 | E43: 0 | F43: 0 | G43: 0 | H43: 0 | I43: No acquisitions/divestitures in FY26 or announced for 1Q27 (Broekhuizenvorst is a plant closure, not a divestiture)
B44: Scope: extra 53rd week | C44: =C39/C11 -> 0 | D44: =D39/D11 -> 0 | E44: =E39/E11 -> 0 | F44: =F39/F11 -> 0.071066876 | G44: =G39/G11 -> 0.01861763 | H44: =H39/H11 -> 0
B45: FX impact | C45: =C29 -> 0.044513081 | D45: =D29 -> 0.042738275 | E45: =E29 -> 0.081804568 | F45: =F29 -> 0.042605203 | G45: =G29 -> 0.052742327 | H45: =H29 -> -0.01
B46: Organic growth | C46: =(1+C42)/((1+C43)*(1+C44)*(1+C45))-1 -> -0.00034788659 | D46: =(1+D42)/((1+D43)*(1+D44)*(1+D45))-1 -> -0.0050779833 | E46: =(1+E42)/((1+E43)*(1+E44)*(1+E45))-1 -> -0.083232393 | F46: =(1+F42)/((1+F43)*(1+F44)*(1+F45))-1 -> -0.11826428 | G46: =(1+G42)/((1+G43)*(1+G44)*(1+G45))-1 -> -0.054237729 | H46: =(1+H42)/((1+H43)*(1+H44)*(1+H45))-1 -> -0.0347
B47: Change vs prior quarter (bps) | C47: n/a | D47: =(D46-C46)*10000 -> -47.300967 | E47: =(E46-D46)*10000 -> -781.5441 | F47: =(F46-E46)*10000 -> -350.31887 | H47: =(H46-F46)*10000 -> 835.6428
B48: Net sales at constant currency | C48: =C33-C26 -> 550.2 | D48: =D33-D26 -> 526 | E48: =E33-E26 -> 486.1 | F48: =F33-F26 -> 539.5 | G48: =G33-G26 -> 2101.8 | H48: =H33-H26 -> 554.95733
B49: Constant-currency growth | C49: =C48/C11-1 -> -0.00036337209 | D49: =D48/D11-1 -> -0.0052950076 | E49: =E48/E11-1 -> -0.090041183 | F49: =F48/F11-1 -> -0.057971014 | G49: =G48/G11-1 -> -0.038561822 | H49: =H48/H11-1 -> -0.034353
B50: Net sales excl. FX & extra week | C50: =C48-C39 -> 550.2 | D50: =D48-D39 -> 526 | E50: =E48-E39 -> 486.1 | F50: =F48-F39 -> 498.8 | G50: =G48-G39 -> 2061.1 | H50: =H48-H39 -> 554.95733
B51: Growth excl. FX & extra week | C51: =C50/C11-1 -> -0.00036337209 | D51: =D50/D11-1 -> -0.0052950076 | E51: =E50/E11-1 -> -0.090041183 | F51: =F50/F11-1 -> -0.12903789 | G51: =G50/G11-1 -> -0.057179452 | H51: =H50/H11-1 -> -0.034353
B53: Segment profit
B54: Prior-year Segment Adj. EBITDA | C54: 51.4 | D54: 48.6 | E54: 94.1 | F54: 63.5 | G54: 257.6 | H54: =C58 -> 57.2
B55: Segment Adj. EBITDA margin | C55: =C58/C33 -> 0.09953019 | D55: =D58/D33 -> 0.049580751 | E55: =E58/E33 -> 0.034918837 | F55: =F58/F33 -> 0.020925696 | G55: =G58/G33 -> 0.051734247 | H55: 0.055 | I55: 1Q27E 5.5%: Q4 cost carry-over (high-cost potatoes, freight, edible oil) into Q1 (S08); 1Q26A 10.0% incl. $3.5M Argentina start-up; Zacks Intl EBITDA consensus $29.7M (S11)
B56: Change Y/Y (bps) | C56: =(C55-C54/C11)*10000 -> 61.435618 | D56: =(D55-D54/D11)*10000 -> -423.25452 | E56: =(E55-E54/E11)*10000 -> -1412.3242 | F56: =(F55-F54/F11)*10000 -> -899.526 | G56: =(G55-G54/G11)*10000 -> -661.01167 | H56: =(H55-H54/H11)*10000 -> -445.3019
B57: Change vs prior quarter (bps) | C57: =(C55-F54/F11)*10000 -> -113.48106 | D57: =(D55-C55)*10000 -> -499.49439 | E57: =(E55-D55)*10000 -> -146.61914 | F57: =(F55-E55)*10000 -> -139.93141 | H57: =(H55-F55)*10000 -> 340.74304
B58: Segment Adj. EBITDA — International | C58: 57.2 | D58: 27.2 | E58: 18.5 | F58: 11.8 | G58: 114.7 | H58: =H33*H55 -> 30.206568
B59: % Y/Y | C59: =C58/C54-1 -> 0.11284047 | D59: =D58/D54-1 -> -0.44032922 | E59: =E58/E54-1 -> -0.80340064 | F59: =F58/F54-1 -> -0.81417323 | G59: =G58/G54-1 -> -0.55473602 | H59: =H58/H54-1 -> -0.47191314
B60: Y/Y change ($) | C60: =C58-C54 -> 5.8 | D60: =D58-D54 -> -21.4 | E60: =E58-E54 -> -75.6 | F60: =F58-F54 -> -51.7 | G60: =G58-G54 -> -142.9 | H60: =H58-H54 -> -26.993432
B61: Q/Q change ($) | C61: =C58-F54 -> -6.3 | D61: =D58-C58 -> -30 | E61: =E58-D58 -> -8.7 | F61: =F58-E58 -> -6.7 | H61: =H58-F58 -> 18.406568
B62: Memo: extra-week EBITDA | C62: 0 | D62: 0 | E62: 0 | F62: 4 | G62: 4 | H62: 0
B63: Segment Adj. EBITDA excl. extra wk | C63: =C58-C62 -> 57.2 | D63: =D58-D62 -> 27.2 | E63: =E58-E62 -> 18.5 | F63: =F58-F62 -> 7.8 | G63: =G58-G62 -> 110.7 | H63: =H58-H62 -> 30.206568
B64: Margin excl. extra week | C64: =C63/(C33-C39) -> 0.09953019 | D64: =D63/(D33-D39) -> 0.049580751 | E64: =E63/(E33-E39) -> 0.034918837 | F64: =F63/(F33-F39) -> 0.014908257 | G64: =G63/(G33-G39) -> 0.050863812 | H64: =H63/(H33-H39) -> 0.055
B65: Memo: raw-potato write-off in EBITDA | C65: n/a | D65: n/a | E65: 32.5 | F65: n/a | G65: n/a | H65: n/a | I65: 3Q26 net $32.5M; 39-week YTD $45.6M (1Q/2Q split not disclosed); FY26 incremental vs FY25 $33.1M (S06) — different measure, not entered
B67: Memo: build residual within ±1% (assumption) | C67: =ABS(C32/C11)<0.01 -> TRUE | D67: =ABS(D32/D11)<0.01 -> TRUE | E67: =ABS(E32/E11)<0.01 -> TRUE | F67: =ABS(F32/F11)<0.01 -> TRUE | G67: =ABS(G32/G11)<0.01 -> TRUE | H67: =ABS(H32/H11)<0.01 -> TRUE | I67: Volume and price/mix are rounded whole percentages, so a small residual is expected; >1% would signal a data error. Disclosed residual, excluded from PASS; 1Q27E residual = multiplicative cross-terms by construction

Sheet Income Statement
B1: Lamb Weston Holdings, Inc. (NYSE: LW)
B2: Income Statement
B3: $ millions, except per share
B4: Period | C4: 1Q26A | D4: 2Q26A | E4: 3Q26A | F4: 4Q26A | G4: FY26A | H4: 1Q27E | I4: Notes
B5: Period end | C5: 45893 | D5: 45984 | E5: 46075 | F5: 46173 | G5: 46173 | H5: 46264
B6: Days in period | C6: 91 | D6: 91 | E6: 91 | F6: 98 | G6: 371 | H6: 91
B8: GAAP income statement (as reported)
B9: Net sales | C9: ='Revenue summary'!C11 -> 1659.3 | D9: ='Revenue summary'!D11 -> 1618.1 | E9: ='Revenue summary'!E11 -> 1564.8 | F9: ='Revenue summary'!F11 -> 1770.1 | G9: ='Revenue summary'!G11 -> 6612.3 | H9: ='Revenue summary'!H11 -> 1649.3201
B10: % Y/Y | C10: ='Revenue summary'!C20 -> 0.0031437035 | D10: ='Revenue summary'!D20 -> 0.010743957 | E10: ='Revenue summary'!E20 -> 0.029135153 | F10: ='Revenue summary'!F20 -> 0.056271631 | G10: ='Revenue summary'!G20 -> 0.02495621 | H10: ='Revenue summary'!H20 -> -0.0060145176
B11: Cost of sales | C11: 1316.9 | D11: 1293.8 | E11: 1233.2 | F11: 1408.7 | G11: 5252.6 | H11: =H9-H12 -> 1351.1873
B12: Gross profit | C12: =C9-C11 -> 342.4 | D12: =D9-D11 -> 324.3 | E12: =E9-E11 -> 331.6 | F12: =F9-F11 -> 361.4 | G12: =G9-G11 -> 1359.7 | H12: =H100-H104 -> 298.13281
B13: Gross margin | C13: =C12/C9 -> 0.20635208 | D13: =D12/D9 -> 0.20042025 | E13: =E12/E9 -> 0.21191207 | F13: =F12/F9 -> 0.20416926 | G13: =G12/G9 -> 0.20563193 | H13: =H12/H9 -> 0.18076103
B14: Change vs year-ago quarter (bps) | C14: n/a | D14: n/a | E14: n/a | F14: n/a | G14: n/a | H14: =(H13-C13)*10000 -> -255.91044
B15: Change vs prior quarter (bps) | C15: n/a | D15: =(D13-C13)*10000 -> -59.318302 | E15: =(E13-D13)*10000 -> 114.91819 | F15: =(F13-E13)*10000 -> -77.428095 | H15: =(H13-F13)*10000 -> -234.08224
B16: SG&A expenses | C16: 153.6 | D16: 171 | E16: 156.8 | F16: 183.2 | G16: 664.6 | H16: =H107+H113 -> 153
B17: SG&A % of net sales | C17: =C16/C9 -> 0.092569156 | D17: =D16/D9 -> 0.1056795 | E17: =E16/E9 -> 0.1002045 | F17: =F16/F9 -> 0.10349698 | G17: =G16/G9 -> 0.10050966 | H17: =H16/H9 -> 0.092765497
B18: Change vs year-ago quarter (bps) | C18: n/a | D18: n/a | E18: n/a | F18: n/a | G18: n/a | H18: =(H17-C17)*10000 -> 1.9634145
B19: Change vs prior quarter (bps) | C19: n/a | D19: =(D17-C17)*10000 -> 131.10345 | E19: =(E17-D17)*10000 -> -54.750017 | F19: =(F17-E17)*10000 -> 32.924786 | H19: =(H17-F17)*10000 -> -107.3148
B20: Cost Savings Program & restructuring | C20: 32.3 | D20: 14.1 | E20: 48.2 | F20: 9.4 | G20: 104 | H20: =H59-H104 -> 30 | I20: 1Q27E: Broekhuizenvorst closure ($80–110M FY27, S10) and other plan charges booked here, less the inventory portion in cost of sales
B21: Income from operations | C21: =C12-C16-C20 -> 156.5 | D21: =D12-D16-D20 -> 139.2 | E21: =E12-E16-E20 -> 126.6 | F21: =F12-F16-F20 -> 168.8 | G21: =G12-G16-G20 -> 591.1 | H21: =H12-H16-H20 -> 115.13281
B22: Operating margin | C22: =C21/C9 -> 0.094316881 | D22: =D21/D9 -> 0.086026822 | E22: =E21/E9 -> 0.080904908 | F22: =F21/F9 -> 0.095361844 | G22: =G21/G9 -> 0.089394008 | H22: =H21/H9 -> 0.069806222
B23: Change vs year-ago quarter (bps) | C23: n/a | D23: n/a | E23: n/a | F23: n/a | G23: n/a | H23: =(H22-C22)*10000 -> -245.10659
B24: Change vs prior quarter (bps) | C24: n/a | D24: =(D22-C22)*10000 -> -82.90059 | E24: =(E22-D22)*10000 -> -51.219136 | F24: =(F22-E22)*10000 -> 144.56936 | H24: =(H22-F22)*10000 -> -255.55622
B25: Interest expense, net | C25: 43.7 | D25: 44.3 | E25: 45 | F25: 47.5 | G25: 180.5 | H25: 47 | I25: 1Q27E $47.0M: FY27 guide ≈$190M (S06) ≈$47.5M/qtr; 1Q26A $43.7M
B26: Y/Y change ($) | C26: n/a | D26: n/a | E26: n/a | F26: n/a | G26: n/a | H26: =H25-C25 -> 3.3
B27: Q/Q change ($) | C27: n/a | D27: =D25-C25 -> 0.6 | E27: =E25-D25 -> 0.7 | F27: =F25-E25 -> 2.5 | H27: =H25-F25 -> -0.5
B28: Pre-tax income before equity earnings | C28: =C21-C25 -> 112.8 | D28: =D21-D25 -> 94.9 | E28: =E21-E25 -> 81.6 | F28: =F21-F25 -> 121.3 | G28: =G21-G25 -> 410.6 | H28: =H21-H25 -> 68.132806
B29: Income tax expense | C29: 47.9 | D29: 36 | E29: 30.3 | F29: 13.9 | G29: 128.1 | H29: =H126-H77 -> 27.357186
B30: Effective tax rate | C30: =C29/(C28+C33) -> 0.42691622 | D30: =D29/(D28+D33) -> 0.36697248 | E30: =E29/(E28+E33) -> 0.3594306 | F30: =F29/(F28+F33) -> 0.11255061 | G30: =G29/(G28+G33) -> 0.30638603 | H30: =H29/(H28+H33) -> 0.38731557
B31: Change vs year-ago quarter (bps) | C31: n/a | D31: n/a | E31: n/a | F31: n/a | G31: n/a | H31: =(H30-C30)*10000 -> -396.00648
B32: Change vs prior quarter (bps) | C32: n/a | D32: =(D30-C30)*10000 -> -599.43744 | E32: =(E30-D30)*10000 -> -75.418721 | F32: =(F30-E30)*10000 -> -2468.8 | H32: =(H30-F30)*10000 -> 2747.6497
B33: Equity-method investment earnings | C33: -0.6 | D33: 3.2 | E33: 2.7 | F33: 2.2 | G33: 7.5 | H33: =H122 -> 2.5
B34: Net income (GAAP) | C34: =C28-C29+C33 -> 64.3 | D34: =D28-D29+D33 -> 62.1 | E34: =E28-E29+E33 -> 54 | F34: =F28-F29+F33 -> 109.6 | G34: =G28-G29+G33 -> 290 | H34: =H28-H29+H33 -> 43.27562
B35: Net margin | C35: =C34/C9 -> 0.038751281 | D35: =D34/D9 -> 0.038378345 | E35: =E34/E9 -> 0.034509202 | F35: =F34/F9 -> 0.061917406 | G35: =G34/G9 -> 0.043857659 | H35: =H34/H9 -> 0.02623846
B36: Change Y/Y (bps) | C36: =(C35-C38/'Revenue summary'!C18)*10000 -> -382.69456 | D36: =(D35-D38/'Revenue summary'!D18)*10000 -> 609.28161 | E36: =(E35-E38/'Revenue summary'!E18)*10000 -> -615.11843 | F36: =(F35-F38/'Revenue summary'!F18)*10000 -> -96.305116 | G36: =(G35-G38/'Revenue summary'!G18)*10000 -> -115.11026 | H36: =(H35-H38/'Revenue summary'!H18)*10000 -> -125.1282
B37: Change vs prior quarter (bps) | C37: n/a | D37: =(D35-C35)*10000 -> -3.7293569 | E37: =(E35-D35)*10000 -> -38.691425 | F37: =(F35-E35)*10000 -> 274.08203 | H37: =(H35-F35)*10000 -> -356.78946
B38: Prior-year net income | C38: 127.4 | D38: -36.1 | E38: 146 | F38: 119.9 | G38: 357.2 | H38: =C34 -> 64.3
B39: % Y/Y | C39: =IF(C38<=0,"n/m",C34/C38-1) -> -0.49529042 | D39: =IF(D38<=0,"n/m",D34/D38-1) -> n/m | E39: =IF(E38<=0,"n/m",E34/E38-1) -> -0.63013699 | F39: =IF(F38<=0,"n/m",F34/F38-1) -> -0.085904921 | G39: =IF(G38<=0,"n/m",G34/G38-1) -> -0.1881299 | H39: =IF(H38<=0,"n/m",H34/H38-1) -> -0.32697325
B40: Check: FY NI = sum of quarters | G40: =ABS(G34-SUM(C34:F34))<0.05 -> TRUE
B42: Shares and GAAP EPS
B43: Weighted avg. basic shares (M) | C43: ='Share Count'!C9 -> 139.5 | D43: ='Share Count'!D9 -> 139.4 | E43: ='Share Count'!E9 -> 139 | F43: ='Share Count'!F9 -> 137.7 | G43: ='Share Count'!G9 -> 138.9 | H43: ='Share Count'!H9 -> 137.40544
B44: Weighted avg. diluted shares (M) | C44: ='Share Count'!C13 -> 139.8 | D44: ='Share Count'!D13 -> 139.6 | E44: ='Share Count'!E13 -> 139.3 | F44: ='Share Count'!F13 -> 138 | G44: ='Share Count'!G13 -> 139.1 | H44: ='Share Count'!H13 -> 137.70544
B45: Basic EPS (GAAP) | C45: =C34/C43 -> 0.4609319 | D45: =D34/D43 -> 0.44548063 | E45: =E34/E43 -> 0.38848921 | F45: =F34/F43 -> 0.79593319 | G45: =G34/G43 -> 2.087833 | H45: =H34/H43 -> 0.31494837
B46: Diluted EPS (GAAP) | C46: =C34/C44 -> 0.45994278 | D46: =D34/D44 -> 0.44484241 | E46: =E34/E44 -> 0.38765255 | F46: =F34/F44 -> 0.7942029 | G46: =G34/G44 -> 2.0848311 | H46: =H34/H44 -> 0.31426224
B47: Memo: reported diluted EPS | C47: =Inputs!G102 -> 0.46 | D47: =Inputs!G103 -> 0.44 | E47: =Inputs!G104 -> 0.39 | F47: =Inputs!G105 -> 0.79 | G47: 2.08 | I47: 1Q26A–4Q26A linked to CapIQ eps_gaap_actual (Inputs); FY26A from Q4/FY26 release
B48: Prior-year diluted EPS (GAAP) | C48: 0.88 | D48: -0.25 | E48: 1.03 | F48: 0.85 | G48: 2.5 | H48: =C46 -> 0.45994278
B49: % Y/Y | C49: =IF(C48<=0,"n/m",C46/C48-1) -> -0.47733776 | D49: =IF(D48<=0,"n/m",D46/D48-1) -> n/m | E49: =IF(E48<=0,"n/m",E46/E48-1) -> -0.6236383 | F49: =IF(F48<=0,"n/m",F46/F48-1) -> -0.065643649 | G49: =IF(G48<=0,"n/m",G46/G48-1) -> -0.16606758 | H49: =IF(H48<=0,"n/m",H46/H48-1) -> -0.31673622
B50: Check: EPS = NI / diluted shares | C50: =ABS(C46-C47)<0.006 -> TRUE | D50: =ABS(D46-D47)<0.006 -> TRUE | E50: =ABS(E46-E47)<0.006 -> TRUE | F50: =ABS(F46-F47)<0.006 -> TRUE | G50: =ABS(G46-G47)<0.006 -> TRUE | H50: =ABS(H46-H34/H44)<0.000001 -> TRUE | I50: Actual columns: computed EPS within ±$0.006 of reported (rounded) EPS; 1Q27E (H50) = construction identity, excluded from PASS
B52: GAAP to non-GAAP bridge — pre-tax adjustments ($M)
B53: Unrealized derivative (gains) losses | C53: -4.9 | D53: 12.1 | E53: -11 | F53: -16.3 | G53: -20.1 | H53: 0 | I53: 1Q27E nil: mark-to-market not forecastable
B54: FX exchange (gains) losses | C54: -4.7 | D54: 6.8 | E54: -11.5 | F54: 1.2 | G54: -8.2 | H54: 0 | I54: 1Q27E nil: not forecastable
B55: Blue chip swap transaction gains | C55: 0 | D55: 0 | E55: 0 | F55: 0 | G55: 0 | H55: 0 | I55: Reported "—" in every FY26 period
B56: Stock-based compensation | C56: 10.6 | D56: 9.5 | E56: 10.5 | F56: 15.6 | G56: 46.2 | H56: 11 | I56: 1Q27E $11.0M pre-tax / $1.8M tax: run-rate of 1Q–3Q26 ($10.5–10.6M); excluded from adjusted EPS since FY26
B57: Y/Y change ($) | C57: n/a | D57: n/a | E57: n/a | F57: n/a | G57: n/a | H57: =H56-C56 -> 0.4
B58: Q/Q change ($) | C58: n/a | D58: =D56-C56 -> -1.1 | E58: =E56-D56 -> 1 | F58: =F56-E56 -> 5.1 | H58: =H56-F56 -> -4.6
B59: Cost Savings / Restructuring Plan | C59: 31.9 | D59: 14.1 | E59: 55.5 | F59: 10.1 | G59: 111.6 | H59: 35 | I59: 1Q27E $35M pre-tax: Broekhuizenvorst closure ($80–110M, mostly FY27, S10) + other plan charges ($20–30M FY27); low tax shield (Dutch charges largely unbenefited, as in 3Q26)
B60: Y/Y change ($) | C60: n/a | D60: n/a | E60: n/a | F60: n/a | G60: n/a | H60: =H59-C59 -> 3.1
B61: Q/Q change ($) | C61: n/a | D61: =D59-C59 -> -17.8 | E61: =E59-D59 -> 41.4 | F61: =F59-E59 -> -45.4 | H61: =H59-F59 -> 24.9
B62: Shareholder activism expense | C62: 4 | D62: 0 | E62: 0 | F62: 0 | G62: 4 | H62: 0 | I62: 1Q27E nil
B63: Pension settlement | C63: 13.1 | D63: 1.1 | E63: 0 | F63: 0 | G63: 14.2 | H63: 0 | I63: Plan terminated in FY26; 1Q27E nil
B64: Total pre-tax adjustments | C64: =C53+C54+C55+C56+C59+C62+C63 -> 50 | D64: =D53+D54+D55+D56+D59+D62+D63 -> 43.6 | E64: =E53+E54+E55+E56+E59+E62+E63 -> 43.5 | F64: =F53+F54+F55+F56+F59+F62+F63 -> 10.6 | G64: =G53+G54+G55+G56+G59+G62+G63 -> 147.7 | H64: =H53+H54+H55+H56+H59+H62+H63 -> 46
B65: Tax effect of adjustments ($M)
B66: Unrealized derivative (gains) losses | C66: -1.1 | D66: 3 | E66: -2.7 | F66: -4.1 | G66: -4.9 | H66: 0
B67: FX exchange (gains) losses | C67: -0.8 | D67: 0.9 | E67: -2.9 | F67: 0.3 | G67: -2.5 | H67: 0
B68: Blue chip swap transaction gains | C68: 0 | D68: 0 | E68: 0 | F68: 0 | G68: 0 | H68: 0
B69: Stock-based compensation | C69: 1.6 | D69: 1.6 | E69: 1.8 | F69: 2.7 | G69: 7.7 | H69: 1.8
B70: Y/Y change ($) | C70: n/a | D70: n/a | E70: n/a | F70: n/a | G70: n/a | H70: =H69-C69 -> 0.2
B71: Q/Q change ($) | C71: n/a | D71: =D69-C69 -> 0 | E71: =E69-D69 -> 0.2 | F71: =F69-E69 -> 0.9 | H71: =H69-F69 -> -0.9
B72: Cost Savings / Restructuring Plan | C72: 7.7 | D72: 3.3 | E72: 1.3 | F72: 1.2 | G72: 13.5 | H72: 3.5
B73: Y/Y change ($) | C73: n/a | D73: n/a | E73: n/a | F73: n/a | G73: n/a | H73: =H72-C72 -> -4.2
B74: Q/Q change ($) | C74: n/a | D74: =D72-C72 -> -4.4 | E74: =E72-D72 -> -2 | F74: =F72-E72 -> -0.1 | H74: =H72-F72 -> 2.3
B75: Shareholder activism expense | C75: 0.9 | D75: 0 | E75: 0 | F75: 0 | G75: 0.9 | H75: 0
B76: Pension settlement | C76: 3 | D76: 0.2 | E76: 0 | F76: 0 | G76: 3.2 | H76: 0
B77: Total tax effect | C77: =C66+C67+C68+C69+C72+C75+C76 -> 11.3 | D77: =D66+D67+D68+D69+D72+D75+D76 -> 9 | E77: =E66+E67+E68+E69+E72+E75+E76 -> -2.5 | F77: =F66+F67+F68+F69+F72+F75+F76 -> 0.1 | G77: =G66+G67+G68+G69+G72+G75+G76 -> 17.9 | H77: =H66+H67+H68+H69+H72+H75+H76 -> 5.3
B78: After-tax adjustments ($M)
B79: Unrealized derivative (gains) losses | C79: =C53-C66 -> -3.8 | D79: =D53-D66 -> 9.1 | E79: =E53-E66 -> -8.3 | F79: =F53-F66 -> -12.2 | G79: =G53-G66 -> -15.2 | H79: =H53-H66 -> 0
B80: FX exchange (gains) losses | C80: =C54-C67 -> -3.9 | D80: =D54-D67 -> 5.9 | E80: =E54-E67 -> -8.6 | F80: =F54-F67 -> 0.9 | G80: =G54-G67 -> -5.7 | H80: =H54-H67 -> 0
B81: Blue chip swap transaction gains | C81: =C55-C68 -> 0 | D81: =D55-D68 -> 0 | E81: =E55-E68 -> 0 | F81: =F55-F68 -> 0 | G81: =G55-G68 -> 0 | H81: =H55-H68 -> 0
B82: Stock-based compensation | C82: =C56-C69 -> 9 | D82: =D56-D69 -> 7.9 | E82: =E56-E69 -> 8.7 | F82: =F56-F69 -> 12.9 | G82: =G56-G69 -> 38.5 | H82: =H56-H69 -> 9.2
B83: Cost Savings / Restructuring Plan | C83: =C59-C72 -> 24.2 | D83: =D59-D72 -> 10.8 | E83: =E59-E72 -> 54.2 | F83: =F59-F72 -> 8.9 | G83: =G59-G72 -> 98.1 | H83: =H59-H72 -> 31.5
B84: Shareholder activism expense | C84: =C62-C75 -> 3.1 | D84: =D62-D75 -> 0 | E84: =E62-E75 -> 0 | F84: =F62-F75 -> 0 | G84: =G62-G75 -> 3.1 | H84: =H62-H75 -> 0
B85: Pension settlement | C85: =C63-C76 -> 10.1 | D85: =D63-D76 -> 0.9 | E85: =E63-E76 -> 0 | F85: =F63-F76 -> 0 | G85: =G63-G76 -> 11 | H85: =H63-H76 -> 0
B86: Total after-tax adjustments | C86: =SUM(C79:C85) -> 38.7 | D86: =SUM(D79:D85) -> 34.6 | E86: =SUM(E79:E85) -> 46 | F86: =SUM(F79:F85) -> 10.5 | G86: =SUM(G79:G85) -> 129.8 | H86: =SUM(H79:H85) -> 40.7
B87: Adj. net income (GAAP NI + adj.) | C87: =C34+C86 -> 103 | D87: =D34+D86 -> 96.7 | E87: =E34+E86 -> 100 | F87: =F34+F86 -> 120.1 | G87: =G34+G86 -> 419.8 | H87: =H34+H86 -> 83.97562
B88: Per-share adjustments ($ per diluted share)
B89: Unrealized derivative (gains) losses | C89: =C79/C44 -> -0.027181688 | D89: =D79/D44 -> 0.065186246 | E89: =E79/E44 -> -0.059583632 | F89: =F79/F44 -> -0.088405797 | G89: =G79/G44 -> -0.1092739 | H89: =H79/H44 -> 0
B90: FX exchange (gains) losses | C90: =C80/C44 -> -0.027896996 | D90: =D80/D44 -> 0.04226361 | E90: =E80/E44 -> -0.061737258 | F90: =F80/F44 -> 0.0065217391 | G90: =G80/G44 -> -0.040977714 | H90: =H80/H44 -> 0
B91: Blue chip swap transaction gains | C91: =C81/C44 -> 0 | D91: =D81/D44 -> 0 | E91: =E81/E44 -> 0 | F91: =F81/F44 -> 0 | G91: =G81/G44 -> 0 | H91: =H81/H44 -> 0
B92: Stock-based compensation | C92: =C82/C44 -> 0.064377682 | D92: =D82/D44 -> 0.056590258 | E92: =E82/E44 -> 0.062455133 | F92: =F82/F44 -> 0.093478261 | G92: =G82/G44 -> 0.2767793 | H92: =H82/H44 -> 0.06680927
B93: Cost Savings / Restructuring Plan | C93: =C83/C44 -> 0.17310443 | D93: =D83/D44 -> 0.077363897 | E93: =E83/E44 -> 0.3890883 | F93: =F83/F44 -> 0.064492754 | G93: =G83/G44 -> 0.70524802 | H93: =H83/H44 -> 0.22874913
B94: Shareholder activism expense | C94: =C84/C44 -> 0.022174535 | D94: =D84/D44 -> 0 | E94: =E84/E44 -> 0 | F94: =F84/F44 -> 0 | G94: =G84/G44 -> 0.022286125 | H94: =H84/H44 -> 0
B95: Pension settlement | C95: =C85/C44 -> 0.072246066 | D95: =D85/D44 -> 0.0064469914 | E95: =E85/E44 -> 0 | F95: =F85/F44 -> 0 | G95: =G85/G44 -> 0.079079799 | H95: =H85/H44 -> 0
B96: Total per-share adjustments | C96: =SUM(C89:C95) -> 0.27682403 | D96: =SUM(D89:D95) -> 0.247851 | E96: =SUM(E89:E95) -> 0.33022254 | F96: =SUM(F89:F95) -> 0.076086957 | G96: =SUM(G89:G95) -> 0.93314162 | H96: =SUM(H89:H95) -> 0.2955584
B97: Adj. diluted EPS (GAAP EPS + adj.) | C97: =C46+C96 -> 0.73676681 | D97: =D46+D96 -> 0.69269341 | E97: =E46+E96 -> 0.71787509 | F97: =F46+F96 -> 0.87028986 | G97: =G46+G96 -> 3.0179727 | H97: =H46+H96 -> 0.60982064
B99: Adjusted P&L — consensus (normalized) basis
B100: Adjusted gross profit | C100: 338.9 | D100: 327.9 | E100: 327.5 | F100: 342.9 | G100: 1337.2 | H100: =H116+H107 -> 303.13281
B101: Adjusted gross margin | C101: =C100/C9 -> 0.20424275 | D101: =D100/D9 -> 0.20264508 | E101: =E100/E9 -> 0.20929192 | F101: =F100/F9 -> 0.19371787 | G101: =G100/G9 -> 0.20222918 | H101: =H100/H9 -> 0.18379258
B102: Change vs year-ago quarter (bps) | C102: n/a | D102: n/a | E102: n/a | F102: n/a | G102: n/a | H102: =(H101-C101)*10000 -> -204.50169
B103: Change vs prior quarter (bps) | C103: n/a | D103: =(D101-C101)*10000 -> -15.976754 | E103: =(E101-D101)*10000 -> 66.468447 | F103: =(F101-E101)*10000 -> -155.74053 | H103: =(H101-F101)*10000 -> -99.252847
B104: Gross-profit-level adjustments | C104: =C100-C12 -> -3.5 | D104: =D100-D12 -> 3.6 | E104: =E100-E12 -> -4.1 | F104: =F100-F12 -> -18.5 | G104: =G100-G12 -> -22.5 | H104: 5 | I104: 1Q27E $5.0M: inventory write-down at the closing Dutch plant booked in cost of sales (portion of the $35M plan charges)
...

Sheet Balance Sheet
B1: Lamb Weston Holdings, Inc. (NYSE: LW)
B2: Balance Sheet
B3: $ millions, except per share
B4: Period | C4: 1Q26A | D4: 2Q26A | E4: 3Q26A | F4: 4Q26A | G4: FY26A | H4: 1Q27E | I4: Notes
B5: Period end | C5: 45893 | D5: 45984 | E5: 46075 | F5: 46173 | G5: 46173 | H5: 46264
B6: Days in period | C6: 91 | D6: 91 | E6: 91 | F6: 98 | G6: 371 | H6: 91
B8: Assets
B9: Cash and cash equivalents | C9: 98.6 | D9: 82.7 | E9: 57.5 | F9: 68.2 | G9: =F9 -> 68.2 | H9: ='Cash Flow Statement'!H101 -> 72.542552
B10: Receivables, net | C10: 772.7 | D10: 742.2 | E10: 750.5 | F10: 779.1 | G10: =F10 -> 779.1 | H10: =F10-'Cash Flow Statement'!H35 -> 774.1
B11: Inventories | C11: 906.8 | D11: 1117.8 | E11: 1093.6 | F11: 968.5 | G11: =F11 -> 968.5 | H11: =F11-'Cash Flow Statement'!H38-'Income Statement'!H104 -> 883.5 | I11: 1Q27E: less CF inventory change and the $5M inventory write-down within plan charges (IS H104)
B12: Prepaid and other current assets | C12: 95.2 | D12: 68.3 | E12: 158.3 | F12: 198.6 | G12: =F12 -> 198.6 | H12: =F12-'Cash Flow Statement'!H44 -> 193.6
B13: Total current assets | C13: =SUM(C9:C12) -> 1873.3 | D13: =SUM(D9:D12) -> 2011 | E13: =SUM(E9:E12) -> 2059.9 | F13: =SUM(F9:F12) -> 2014.4 | G13: =SUM(G9:G12) -> 2014.4 | H13: =SUM(H9:H12) -> 1923.7426
B14: PP&E, net | C14: 3686.7 | D14: 3652.9 | E14: 3652.6 | F14: 3690 | G14: =F14 -> 3690 | H14: =F14-'Cash Flow Statement'!H57-'Cash Flow Statement'!H11-('Cash Flow Statement'!H26-'Income Statement'!H104)-'Cash Flow Statement'!H63 -> 3662.7 | I14: 1Q27E: + capex - D&A (incl. intangible/debt-cost amortisation, simplification) - non-cash restructuring write-downs excluding the inventory portion (row 11)
B15: Operating lease assets | C15: 117.7 | D15: 118.2 | E15: 116.8 | F15: 111.6 | G15: =F15 -> 111.6 | H15: =F15 -> 111.6
B16: Goodwill | C16: 1113.7 | D16: 1099.5 | E16: 1135 | F16: 1130.1 | G16: =F16 -> 1130.1 | H16: =F16 -> 1130.1
B17: Intangible assets, net | C17: 114.5 | D17: 110.9 | E17: 109.7 | F17: 108.3 | G17: =F17 -> 108.3 | H17: =F17 -> 108.3
B18: Other assets | C18: 330.8 | D18: 338.5 | E18: 319.5 | F18: 325.7 | G18: =F18 -> 325.7 | H18: =F18-'Cash Flow Statement'!H60-'Cash Flow Statement'!H69-'Cash Flow Statement'!H17-'Cash Flow Statement'!H29-'Cash Flow Statement'!H66 -> 325.7
B19: Total assets | C19: =C13+SUM(C14:C18) -> 7236.7 | D19: =D13+SUM(D14:D18) -> 7331 | E19: =E13+SUM(E14:E18) -> 7393.5 | F19: =F13+SUM(F14:F18) -> 7380.1 | G19: =G13+SUM(G14:G18) -> 7380.1 | H19: =H13+SUM(H14:H18) -> 7262.1426
B20: Memo: reported total assets | C20: 7236.7 | D20: 7331 | E20: 7393.5 | F20: 7380.1 | G20: =F20 -> 7380.1
B22: Liabilities
B23: Short-term borrowings | C23: 215.4 | D23: 187 | E23: 269.2 | F23: 249.4 | G23: =F23 -> 249.4 | H23: =F23+'Cash Flow Statement'!H74+'Cash Flow Statement'!H77 -> 189.4
B24: Current portion of long-term debt | C24: 81.8 | D24: 82.7 | E24: 80.6 | F24: 70.6 | G24: =F24 -> 70.6 | H24: =F24 -> 70.6
B25: Accounts payable | C25: 544.9 | D25: 709.2 | E25: 599.7 | F25: 613.1 | G25: =F25 -> 613.1 | H25: =F25+'Cash Flow Statement'!H47 -> 583.1
B26: Accrued liabilities | C26: 415.9 | D26: 424.2 | E26: 460 | F26: 482.4 | G26: =F26 -> 482.4 | H26: =F26+'Cash Flow Statement'!H50+'Cash Flow Statement'!H41 -> 472.4
B27: Total current liabilities | C27: =SUM(C23:C26) -> 1258 | D27: =SUM(D23:D26) -> 1403.1 | E27: =SUM(E23:E26) -> 1409.5 | F27: =SUM(F23:F26) -> 1415.5 | G27: =SUM(G23:G26) -> 1415.5 | H27: =SUM(H23:H26) -> 1315.5
B28: Long-term debt, excl. current portion | C28: 3670.9 | D28: 3648.9 | E28: 3642.9 | F28: 3595.2 | G28: =F28 -> 3595.2 | H28: =F28+'Cash Flow Statement'!H80+'Cash Flow Statement'!H83 -> 3595.2
B29: Deferred income taxes | C29: 264 | D29: 273.3 | E29: 272.8 | F29: 297.5 | G29: =F29 -> 297.5 | H29: =F29+'Cash Flow Statement'!H20 -> 297.5
B30: Other noncurrent liabilities | C30: 254 | D30: 251.3 | E30: 241.2 | F30: 247 | G30: =F30 -> 247 | H30: =F30+'Cash Flow Statement'!H23+'Cash Flow Statement'!H32 -> 247
B31: Total long-term liabilities | C31: =SUM(C28:C30) -> 4188.9 | D31: =SUM(D28:D30) -> 4173.5 | E31: =SUM(E28:E30) -> 4156.9 | F31: =SUM(F28:F30) -> 4139.7 | G31: =SUM(G28:G30) -> 4139.7 | H31: =SUM(H28:H30) -> 4139.7
B32: Total liabilities | C32: =C27+C31 -> 5446.9 | D32: =D27+D31 -> 5576.6 | E32: =E27+E31 -> 5566.4 | F32: =F27+F31 -> 5555.2 | G32: =G27+G31 -> 5555.2 | H32: =H27+H31 -> 5455.2
B34: Stockholders' equity
B35: Common stock ($1.00 par) | C35: 151.8 | D35: 152 | E35: 152.1 | F35: 152.1 | G35: =F35 -> 152.1 | H35: =F35 -> 152.1
B36: Treasury stock, at cost | C36: -856.7 | D36: -897.4 | E36: -897.5 | F36: -961.8 | G36: =F36 -> -961.8 | H36: =F36+'Cash Flow Statement'!H89 -> -981.8
B37: Additional distributed capital | C37: -468.2 | D37: -453.7 | E37: -443.2 | F37: -426.9 | G37: =F37 -> -426.9 | H37: =F37+'Cash Flow Statement'!H14+'Cash Flow Statement'!H92 -> -415.9
B38: Retained earnings | C38: 2861.8 | D38: 2871.9 | E38: 2872.8 | F38: 2929.7 | G38: =F38 -> 2929.7 | H38: =F38+'Income Statement'!H34+'Cash Flow Statement'!H86 -> 2920.7426 | I38: 1Q27E: + GAAP net income − dividends (declared = paid in model)
B39: Accumulated OCI | C39: 101.1 | D39: 81.6 | E39: 142.9 | F39: 131.8 | G39: =F39 -> 131.8 | H39: =F39+'Cash Flow Statement'!H96 -> 131.8
B40: Total stockholders' equity | C40: =SUM(C35:C39) -> 1789.8 | D40: =SUM(D35:D39) -> 1754.4 | E40: =SUM(E35:E39) -> 1827.1 | F40: =SUM(F35:F39) -> 1824.9 | G40: =SUM(G35:G39) -> 1824.9 | H40: =SUM(H35:H39) -> 1806.9426
B41: Total liabilities and equity | C41: =C32+C40 -> 7236.7 | D41: =D32+D40 -> 7331 | E41: =E32+E40 -> 7393.5 | F41: =F32+F40 -> 7380.1 | G41: =G32+G40 -> 7380.1 | H41: =H32+H40 -> 7262.1426
B43: Check: assets − liabilities − equity | C43: =C19-C32-C40 -> 0 | D43: =D19-D32-D40 -> 0 | E43: =E19-E32-E40 -> 0 | F43: =F19-F32-F40 -> 0 | G43: =G19-G32-G40 -> 0 | H43: =H19-H32-H40 -> 0
B44: Check: balances & ties to reported | C44: =AND(ABS(C43)<0.05,ABS(C19-C20)<0.05) -> TRUE | D44: =AND(ABS(D43)<0.05,ABS(D19-D20)<0.05) -> TRUE | E44: =AND(ABS(E43)<0.05,ABS(E19-E20)<0.05) -> TRUE | F44: =AND(ABS(F43)<0.05,ABS(F19-F20)<0.05) -> TRUE | G44: =AND(ABS(G43)<0.05,ABS(G19-G20)<0.05) -> TRUE | H44: =ABS(H43)<0.05 -> TRUE
B46: Leverage
B47: Total debt | C47: =C23+C24+C28 -> 3968.1 | D47: =D23+D24+D28 -> 3918.6 | E47: =E23+E24+E28 -> 3992.7 | F47: =F23+F24+F28 -> 3915.2 | G47: =G23+G24+G28 -> 3915.2 | H47: =H23+H24+H28 -> 3855.2
B48: Net debt | C48: =C47-C9 -> 3869.5 | D48: =D47-D9 -> 3835.9 | E48: =E47-E9 -> 3935.2 | F48: =F47-F9 -> 3847 | G48: =G47-G9 -> 3847 | H48: =H47-H9 -> 3782.6574 | I48: 4Q26A $3.85bn; company cited $3.8bn and 3.4x (S08)
B49: LTM Adjusted EBITDA | C49: ='Income Statement'!G151-'Income Statement'!C151+'Income Statement'!C147 -> 1262.8 | D49: ='Income Statement'!G151-SUM('Income Statement'!C151:D151)+SUM('Income Statement'!C147:D147) -> 1254.3 | E49: ='Income Statement'!G151-SUM('Income Statement'!C151:E151)+SUM('Income Statement'!C147:E147) -> 1153 | F49: =SUM('Income Statement'!C147:F147) -> 1147.2 | G49: ='Income Statement'!G147 -> 1147.2 | H49: ='Income Statement'!G147-'Income Statement'!C147+'Income Statement'!H147 -> 1110.1328
B50: Net debt / LTM Adj. EBITDA | C50: =C48/C49 -> 3.0642224 | D50: =D48/D49 -> 3.0581998 | E50: =E48/E49 -> 3.4130095 | F50: =F48/F49 -> 3.3533821 | G50: =G48/G49 -> 3.3533821 | H50: =H48/H49 -> 3.4073918
B51: Change vs prior quarter (x) | C51: n/a | D51: =D50-C50 -> -0.0060225703 | E51: =E50-D50 -> 0.35480975 | F51: =F50-E50 -> -0.059627392 | H51: =H50-F50 -> 0.054009678

Sheet Cash Flow Statement
B1: Lamb Weston Holdings, Inc. (NYSE: LW)
B2: Cash Flow Statement
B3: $ millions, except per share
B4: Period | C4: 1Q26A | D4: 2Q26A | E4: 3Q26A | F4: 4Q26A | G4: FY26A | H4: 1Q27E | I4: Notes
B5: Period end | C5: 45893 | D5: 45984 | E5: 46075 | F5: 46173 | G5: 46173 | H5: 46264
B6: Days in period | C6: 91 | D6: 91 | E6: 91 | F6: 98 | G6: 371 | H6: 91
B8: Quarterly columns are derived from the year-to-date statements reported each quarter (block at the bottom of this tab).
B9: Operating activities
B10: Net income | C10: =N(C113) -> 64.3 | D10: =N(D113)-N(C113) -> 62.1 | E10: =N(E113)-N(D113) -> 54 | F10: =N(F113)-N(E113) -> 109.6 | G10: =N(F113) -> 290 | H10: ='Income Statement'!H34 -> 43.27562
B11: Depreciation and amortization | C11: =N(C114) -> 95.3 | D11: =N(D114)-N(C114) -> 96.2 | E11: =N(E114)-N(D114) -> 100.3 | F11: =N(F114)-N(E114) -> 104.9 | G11: =N(F114) -> 396.7 | H11: ='Income Statement'!H154-H108 -> 99.3 | I11: 1Q27E = Income Statement EBITDA-basis D&A less equity-method items (row 108). Cash-only approximation: CF D&A also includes debt-cost amortisation; no EPS effect
B12: Y/Y change ($) | C12: n/a | D12: n/a | E12: n/a | F12: n/a | G12: n/a | H12: =H11-C11 -> 4
B13: Q/Q change ($) | C13: n/a | D13: =D11-C11 -> 0.9 | E13: =E11-D11 -> 4.1 | F13: =F11-E11 -> 4.6 | H13: =H11-F11 -> -5.6
B14: Stock-based compensation | C14: =N(C115) -> 10.6 | D14: =N(D115)-N(C115) -> 9.5 | E14: =N(E115)-N(D115) -> 10.5 | F14: =N(F115)-N(E115) -> 15.6 | G14: =N(F115) -> 46.2 | H14: ='Income Statement'!H56 -> 11
B15: Y/Y change ($) | C15: n/a | D15: n/a | E15: n/a | F15: n/a | G15: n/a | H15: =H14-C14 -> 0.4
B16: Q/Q change ($) | C16: n/a | D16: =D14-C14 -> -1.1 | E16: =E14-D14 -> 1 | F16: =F14-E14 -> 5.1 | H16: =H14-F14 -> -4.6
B17: Equity-method (earnings), net of dist. | C17: =N(C116) -> 0.2 | D17: =N(D116)-N(C116) -> -3 | E17: =N(E116)-N(D116) -> 0.3 | F17: =N(F116)-N(E116) -> 0 | G17: =N(F116) -> -2.5 | H17: 0
B18: Y/Y change ($) | C18: n/a | D18: n/a | E18: n/a | F18: n/a | G18: n/a | H18: =H17-C17 -> -0.2
B19: Q/Q change ($) | C19: n/a | D19: =D17-C17 -> -3.2 | E19: =E17-D17 -> 3.3 | F19: =F17-E17 -> -0.3 | H19: =H17-F17 -> 0
B20: Deferred income taxes | C20: =N(C117) -> 14.5 | D20: =N(D117)-N(C117) -> 4.5 | E20: =N(E117)-N(D117) -> -3.9 | F20: =N(F117)-N(E117) -> 25.4 | G20: =N(F117) -> 40.5 | H20: 0
B21: Y/Y change ($) | C21: n/a | D21: n/a | E21: n/a | F21: n/a | G21: n/a | H21: =H20-C20 -> -14.5
B22: Q/Q change ($) | C22: n/a | D22: =D20-C20 -> -10 | E22: =E20-D20 -> -8.4 | F22: =F20-E20 -> 29.3 | H22: =H20-F20 -> -25.4
B23: Pension expense, net of contributions | C23: =N(C118) -> 13.1 | D23: =N(D118)-N(C118) -> 1.1 | E23: n/a | F23: n/a | G23: n/a | H23: 0 | I23: Line presented only in the 1Q and 1H statements (folded into Other in 9M/FY): 3Q26A, 4Q26A, FY26A shown n/a (not presented), not zero; the 3Q26 amount sits in the combined Other line (E32)
B24: Y/Y change ($) | C24: n/a | D24: n/a | E24: n/a | F24: n/a | G24: n/a | H24: =H23-C23 -> -13.1
B25: Q/Q change ($) | C25: n/a | D25: =D23-C23 -> -12 | E25: n/a | F25: n/a | H25: n/a
B26: Restructuring (non-cash) | C26: n/a | D26: n/a | E26: n/a | F26: =N(F119)-N(E119) -> -8.6 | G26: =N(F119) -> 37.8 | H26: ='Income Statement'!H59*H105 -> 28 | I26: Line presented only in the 9M and FY statements: 1Q26A/2Q26A n/a (within Other); 3Q26 amount in combined Other (E32); 4Q26A = FY less 9M. 1Q27E = 80% non-cash share of $35M plan charges (>=20% cash per 8-K, S10)
B27: Y/Y change ($) | C27: n/a | D27: n/a | E27: n/a | F27: n/a | G27: n/a | H27: n/a
B28: Q/Q change ($) | C28: n/a | D28: n/a | E28: n/a | F28: n/a | H28: =H26-F26 -> 36.6
B29: Blue chip swap transaction gains | C29: =N(C120) -> 0 | D29: =N(D120)-N(C120) -> 0 | E29: =N(E120)-N(D120) -> 0 | F29: =N(F120)-N(E120) -> 0 | G29: =N(F120) -> 0 | H29: 0
B30: Y/Y change ($) | C30: n/a | D30: n/a | E30: n/a | F30: n/a | G30: n/a | H30: =H29-C29 -> 0
B31: Q/Q change ($) | C31: n/a | D31: =D29-C29 -> 0 | E31: =E29-D29 -> 0 | F31: =F29-E29 -> 0 | H31: =H29-F29 -> 0
B32: Other | C32: =N(C121) -> -1.5 | D32: =N(D121)-N(C121) -> 13.3 | E32: =(N(E118)+N(E119)+N(E121))-(N(D118)+N(D119)+N(D121)) -> 12.4 | F32: =N(F121)-N(E121) -> 9 | G32: =N(F121) -> 1 | H32: 0 | I32: 3Q26A (E32) = combined Pension + Restructuring + Other (1H vs 9M presentation change; split not derivable). Adjacent Q/Q and the 1Q27E Y/Y (H33, vs 1Q26 Other under the old presentation) shown n/a
B33: Y/Y change ($) | C33: n/a | D33: n/a | E33: n/a | F33: n/a | G33: n/a | H33: n/a
B34: Q/Q change ($) | C34: n/a | D34: =D32-C32 -> 14.8 | E34: n/a | F34: n/a | H34: =H32-F32 -> -9
B35: Receivables | C35: =N(C122) -> 17.6 | D35: =N(D122)-N(C122) -> 26.2 | E35: =N(E122)-N(D122) -> 9.8 | F35: =N(F122)-N(E122) -> -33.3 | G35: =N(F122) -> 20.3 | H35: 5
B36: Y/Y change ($) | C36: n/a | D36: n/a | E36: n/a | F36: n/a | G36: n/a | H36: =H35-C35 -> -12.6
B37: Q/Q change ($) | C37: n/a | D37: =D35-C35 -> 8.6 | E37: =E35-D35 -> -16.4 | F37: =F35-E35 -> -43.1 | H37: =H35-F35 -> 38.3
B38: Inventories | C38: =N(C123) -> 136.3 | D38: =N(D123)-N(C123) -> -215.8 | E38: =N(E123)-N(D123) -> 34.3 | F38: =N(F123)-N(E123) -> 123 | G38: =N(F123) -> 77.8 | H38: 80 | I38: 1Q27E +$80M seasonal pre-harvest inventory draw (1Q26A +$136M; FY27 guide working capital flat)
B39: Y/Y change ($) | C39: n/a | D39: n/a | E39: n/a | F39: n/a | G39: n/a | H39: =H38-C38 -> -56.3
B40: Q/Q change ($) | C40: n/a | D40: =D38-C38 -> -352.1 | E40: =E38-D38 -> 250.1 | F40: =F38-E38 -> 88.7 | H40: =H38-F38 -> -43
B41: Income taxes payable/receivable | C41: =N(C124) -> 22.8 | D41: =N(D124)-N(C124) -> -29.3 | E41: =N(E124)-N(D124) -> 4.8 | F41: =N(F124)-N(E124) -> -40.2 | G41: =N(F124) -> -41.9 | H41: 0
B42: Y/Y change ($) | C42: n/a | D42: n/a | E42: n/a | F42: n/a | G42: n/a | H42: =H41-C41 -> -22.8
B43: Q/Q change ($) | C43: n/a | D43: =D41-C41 -> -52.1 | E43: =E41-D41 -> 34.1 | F43: =F41-E41 -> -45 | H43: =H41-F41 -> 40.2
B44: Prepaid and other current assets | C44: =N(C125) -> 40.2 | D44: =N(D125)-N(C125) -> 27.3 | E44: =N(E125)-N(D125) -> -81.3 | F44: =N(F125)-N(E125) -> 11.2 | G44: =N(F125) -> -2.6 | H44: 5
B45: Y/Y change ($) | C45: n/a | D45: n/a | E45: n/a | F45: n/a | G45: n/a | H45: =H44-C44 -> -35.2
B46: Q/Q change ($) | C46: n/a | D46: =D44-C44 -> -12.9 | E46: =E44-D44 -> -108.6 | F46: =F44-E44 -> 92.5 | H46: =H44-F44 -> -6.2
B47: Accounts payable | C47: =N(C126) -> -47.7 | D47: =N(D126)-N(C126) -> 165 | E47: =N(E126)-N(D126) -> -125.4 | F47: =N(F126)-N(E126) -> 6.6 | G47: =N(F126) -> -1.5 | H47: -30
B48: Y/Y change ($) | C48: n/a | D48: n/a | E48: n/a | F48: n/a | G48: n/a | H48: =H47-C47 -> 17.7
B49: Q/Q change ($) | C49: n/a | D49: =D47-C47 -> 212.7 | E49: =E47-D47 -> -290.4 | F49: =F47-E47 -> 132 | H49: =H47-F47 -> -36.6
B50: Accrued liabilities | C50: =N(C127) -> -13.7 | D50: =N(D127)-N(C127) -> 21.3 | E50: =N(E127)-N(D127) -> 49.4 | F50: =N(F127)-N(E127) -> 24.1 | G50: =N(F127) -> 81.1 | H50: -10
B51: Y/Y change ($) | C51: n/a | D51: n/a | E51: n/a | F51: n/a | G51: n/a | H51: =H50-C50 -> 3.7
B52: Q/Q change ($) | C52: n/a | D52: =D50-C50 -> 35 | E52: =E50-D50 -> 28.1 | F52: =F50-E50 -> -25.3 | H52: =H50-F50 -> -34.1
B53: Change in working capital | C53: =C35+C38+C41+C44+C47+C50 -> 155.5 | D53: =D35+D38+D41+D44+D47+D50 -> -5.3 | E53: =E35+E38+E41+E44+E47+E50 -> -108.4 | F53: =F35+F38+F41+F44+F47+F50 -> 91.4 | G53: =G35+G38+G41+G44+G47+G50 -> 133.2 | H53: =H35+H38+H41+H44+H47+H50 -> 50
B54: Cash from operating activities | C54: =SUM(C10,C11,C14,C17,C20,C23,C26,C29,C32,C53) -> 352 | D54: =SUM(D10,D11,D14,D17,D20,D23,D26,D29,D32,D53) -> 178.4 | E54: =SUM(E10,E11,E14,E17,E20,E23,E26,E29,E32,E53) -> 65.2 | F54: =SUM(F10,F11,F14,F17,F20,F23,F26,F29,F32,F53) -> 347.3 | G54: =SUM(G10,G11,G14,G17,G20,G23,G26,G29,G32,G53) -> 942.9 | H54: =SUM(H10,H11,H14,H17,H20,H23,H26,H29,H32,H53) -> 231.57562
B55: CFO / net income (x) | C55: =C54/C10 -> 5.474339 | D55: =D54/D10 -> 2.8727858 | E55: =E54/E10 -> 1.2074074 | F55: =F54/F10 -> 3.1687956 | G55: =G54/G10 -> 3.2513793 | H55: =H54/H10 -> 5.3511797
B56: Investing activities
B57: Additions to PP&E (capex) | C57: =N(C129) -> -77.6 | D57: =N(D129)-N(C129) -> -77.4 | E57: =N(E129)-N(D129) -> -101.5 | F57: =N(F129)-N(E129) -> -146.2 | G57: =N(F129) -> -402.7 | H57: -95 | I57: 1Q27E −$95M: FY27 cash capex guide $380–410M (S06)
B58: Y/Y change ($) | C58: n/a | D58: n/a | E58: n/a | F58: n/a | G58: n/a | H58: =H57-C57 -> -17.4
B59: Q/Q change ($) | C59: n/a | D59: =D57-C57 -> 0.2 | E59: =E57-D57 -> -24.1 | F59: =F57-E57 -> -44.7 | H59: =H57-F57 -> 51.2
B60: Additions to other LT assets | C60: =N(C130) -> -1.6 | D60: =N(D130)-N(C130) -> 0.9 | E60: =N(E130)-N(D130) -> 0.6 | F60: =N(F130)-N(E130) -> -7.3 | G60: =N(F130) -> -7.4 | H60: 0
B61: Y/Y change ($) | C61: n/a | D61: n/a | E61: n/a | F61: n/a | G61: n/a | H61: =H60-C60 -> 1.6
B62: Q/Q change ($) | C62: n/a | D62: =D60-C60 -> 2.5 | E62: =E60-D60 -> -0.3 | F62: =F60-E60 -> -7.9 | H62: =H60-F60 -> 7.3
B63: Proceeds from sale of PP&E | C63: n/a | D63: n/a | E63: =N(E131)-N(D131) -> 0.2 | F63: =N(F131)-N(E131) -> 11.1 | G63: =N(F131) -> 26 | H63: 0 | I63: Line not presented in the 1Q statement (S03): 1Q26A/2Q26A n/a; the 2Q26 amount sits in the combined Other investing line (D69)
B64: Y/Y change ($) | C64: n/a | D64: n/a | E64: n/a | F64: n/a | G64: n/a | H64: n/a
B65: Q/Q change ($) | C65: n/a | D65: n/a | E65: n/a | F65: =F63-E63 -> 10.9 | H65: =H63-F63 -> -11.1
B66: Blue chip swap proceeds, net | C66: =N(C132) -> 0 | D66: =N(D132)-N(C132) -> 0 | E66: =N(E132)-N(D132) -> 0 | F66: =N(F132)-N(E132) -> 0 | G66: =N(F132) -> 0 | H66: 0
B67: Y/Y change ($) | C67: n/a | D67: n/a | E67: n/a | F67: n/a | G67: n/a | H67: =H66-C66 -> 0
B68: Q/Q change ($) | C68: n/a | D68: =D66-C66 -> 0 | E68: =E66-D66 -> 0 | F68: =F66-E66 -> 0 | H68: =H66-F66 -> 0
B69: Other investing | C69: =N(C133) -> 2.9 | D69: =(N(D131)+N(D133))-(N(C131)+N(C133)) -> 15.5 | E69: =N(E133)-N(D133) -> 0 | F69: =N(F133)-N(E133) -> 0.2 | G69: =N(F133) -> 3.9 | H69: 0 | I69: 2Q26A (D69) = combined PP&E sale proceeds + Other investing (1Q vs 1H presentation change; split not derivable); 1Q27E Y/Y (H70) n/a
B70: Y/Y change ($) | C70: n/a | D70: n/a | E70: n/a | F70: n/a | G70: n/a | H70: n/a
B71: Q/Q change ($) | C71: n/a | D71: n/a | E71: n/a | F71: =F69-E69 -> 0.2 | H71: =H69-F69 -> -0.2
B72: Cash from investing activities | C72: =SUM(C57,C60,C63,C66,C69) -> -76.3 | D72: =SUM(D57,D60,D63,D66,D69) -> -61 | E72: =SUM(E57,E60,E63,E66,E69) -> -100.7 | F72: =SUM(F57,F60,F63,F66,F69) -> -142.2 | G72: =SUM(G57,G60,G63,G66,G69) -> -380.2 | H72: =SUM(H57,H60,H63,H66,H69) -> -95
B73: Financing activities
B74: Short-term borrowings — proceeds | C74: =N(C135) -> 305 | D74: =N(D135)-N(C135) -> 69.8 | E74: =N(E135)-N(D135) -> 379 | F74: =N(F135)-N(E135) -> 416 | G74: =N(F135) -> 1169.8 | H74: 0
B75: Y/Y change ($) | C75: n/a | D75: n/a | E75: n/a | F75: n/a | G75: n/a | H75: =H74-C74 -> -305
B76: Q/Q change ($) | C76: n/a | D76: =D74-C74 -> -235.2 | E76: =E74-D74 -> 309.2 | F76: =F74-E74 -> 37 | H76: =H74-F74 -> -416
B77: Short-term borrowings — repayments | C77: =N(C136) -> -466.9 | D77: =N(D136)-N(C136) -> -95.5 | E77: =N(E136)-N(D136) -> -300.2 | F77: =N(F136)-N(E136) -> -434.3 | G77: =N(F136) -> -1296.9 | H77: -60 | I77: 1Q27E: net revolver/short-term paydown assumption
B78: Y/Y change ($) | C78: n/a | D78: n/a | E78: n/a | F78: n/a | G78: n/a | H78: =H77-C77 -> 406.9
B79: Q/Q change ($) | C79: n/a | D79: =D77-C77 -> 371.4 | E79: =E77-D77 -> -204.7 | F79: =F77-E77 -> -134.1 | H79: =H77-F77 -> 374.3
B80: Proceeds from issuance of debt | C80: =N(C137) -> 0 | D80: =N(D137)-N(C137) -> 0 | E80: =N(E137)-N(D137) -> 0 | F80: =N(F137)-N(E137) -> 103.5 | G80: =N(F137) -> 103.5 | H80: 0
B81: Y/Y change ($) | C81: n/a | D81: n/a | E81: n/a | F81: n/a | G81: n/a | H81: =H80-C80 -> 0
B82: Q/Q change ($) | C82: n/a | D82: =D80-C80 -> 0 | E82: =E80-D80 -> 0 | F82: =F80-E80 -> 103.5 | H82: =H80-F80 -> -103.5
B83: Repayments of long-term debt | C83: =N(C138) -> -16.2 | D83: =N(D138)-N(C138) -> -19.5 | E83: =N(E138)-N(D138) -> -19.2 | F83: =N(F138)-N(E138) -> -162.2 | G83: =N(F138) -> -217.1 | H83: 0
B84: Y/Y change ($) | C84: n/a | D84: n/a | E84: n/a | F84: n/a | G84: n/a | H84: =H83-C83 -> 16.2
B85: Q/Q change ($) | C85: n/a | D85: =D83-C83 -> -3.3 | E85: =E83-D83 -> 0.3 | F85: =F83-E83 -> -143 | H85: =H83-F83 -> 162.2
B86: Dividends paid | C86: =N(C139) -> -51.7 | D86: =N(D139)-N(C139) -> -51.6 | E86: =N(E139)-N(D139) -> -51.4 | F86: =N(F139)-N(E139) -> -52.8 | G86: =N(F139) -> -207.5 | H86: =-'Share Count'!H43 -> -52.233068 | I86: 1Q27E: $0.38 dividend paid 2026-06-05 (declared 2026-03-31) × opening shares
B87: Y/Y change ($) | C87: n/a | D87: n/a | E87: n/a | F87: n/a | G87: n/a | H87: =H86-C86 -> -0.53306758
B88: Q/Q change ($) | C88: n/a | D88: =D86-C86 -> 0.1 | E88: =E86-D86 -> 0.2 | F88: =F86-E86 -> -1.4 | H88: =H86-F86 -> 0.56693242
B89: Share repurchases and tax withholding | C89: =N(C140) -> -18.7 | D89: =N(D140)-N(C140) -> -40.4 | E89: =N(E140)-N(D140) -> -0.1 | F89: =N(F140)-N(E140) -> -63.6 | G89: =N(F140) -> -122.8 | H89: =-'Share Count'!H23 -> -20 | I89: 1Q27E: $20M repurchase assumption under 10b5-1 plan ($245M authorised remaining, S06). Excludes vesting-related tax withholding (1Q26 ~$8.3M = 18.7 less 10.4 program spend): not modelled, 1Q27E cash ~$8M overstated; no EPS effect
B90: Y/Y change ($) | C90: n/a | D90: n/a | E90: n/a | F90: n/a | G90: n/a | H90: =H89-C89 -> -1.3
B91: Q/Q change ($) | C91: n/a | D91: =D89-C89 -> -21.7 | E91: =E89-D89 -> 40.3 | F91: =F89-E89 -> -63.5 | H91: =H89-F89 -> 43.6
B92: Other financing | C92: =N(C141) -> 0 | D92: =N(D141)-N(C141) -> 3.9 | E92: =N(E141)-N(D141) -> -0.4 | F92: =N(F141)-N(E141) -> -1.6 | G92: =N(F141) -> 1.9 | H92: 0
B93: Y/Y change ($) | C93: n/a | D93: n/a | E93: n/a | F93: n/a | G93: n/a | H93: =H92-C92 -> 0
B94: Q/Q change ($) | C94: n/a | D94: =D92-C92 -> 3.9 | E94: =E92-D92 -> -4.3 | F94: =F92-E92 -> -1.2 | H94: =H92-F92 -> 1.6
B95: Cash from financing activities | C95: =C74+C77+C80+C83+C86+C89+C92 -> -248.5 | D95: =D74+D77+D80+D83+D86+D89+D92 -> -133.3 | E95: =E74+E77+E80+E83+E86+E89+E92 -> 7.7 | F95: =F74+F77+F80+F83+F86+F89+F92 -> -195 | G95: =G74+G77+G80+G83+G86+G89+G92 -> -569.1 | H95: =H74+H77+H80+H83+H86+H89+H92 -> -132.23307
B96: FX effect on cash | C96: =N(C143) -> 0.7 | D96: =N(D143)-N(C143) -> 0 | E96: =N(E143)-N(D143) -> 2.6 | F96: =N(F143)-N(E143) -> 0.6 | G96: =N(F143) -> 3.9 | H96: 0
B97: Y/Y change ($) | C97: n/a | D97: n/a | E97: n/a | F97: n/a | G97: n/a | H97: =H96-C96 -> -0.7
B98: Q/Q change ($) | C98: n/a | D98: =D96-C96 -> -0.7 | E98: =E96-D96 -> 2.6 | F98: =F96-E96 -> -2 | H98: =H96-F96 -> -0.6
B99: Net change in cash | C99: =C54+C72+C95+C96 -> 27.9 | D99: =D54+D72+D95+D96 -> -15.9 | E99: =E54+E72+E95+E96 -> -25.2 | F99: =F54+F72+F95+F96 -> 10.7 | G99: =G54+G72+G95+G96 -> -2.5 | H99: =H54+H72+H95+H96 -> 4.3425525
B100: Cash, beginning of period | C100: 70.7 | D100: =C101 -> 98.6 | E100: =D101 -> 82.7 | F100: =E101 -> 57.5 | G100: =C100 -> 70.7 | H100: ='Balance Sheet'!F9 -> 68.2
B101: Cash, end of period | C101: =C100+C99 -> 98.6 | D101: =D100+D99 -> 82.7 | E101: =E100+E99 -> 57.5 | F101: =F100+F99 -> 68.2 | G101: =G100+G99 -> 68.2 | H101: =H100+H99 -> 72.542552
...

Sheet Geo
B1: Lamb Weston Holdings, Inc. (NYSE: LW)
B2: Geo — net sales by geography
B3: $ millions, except per share
B4: Period | C4: 1Q26A | D4: 2Q26A | E4: 3Q26A | F4: 4Q26A | G4: FY26A | H4: 1Q27E | I4: Notes
B5: Period end | C5: 45893 | D5: 45984 | E5: 46075 | F5: 46173 | G5: 46173 | H5: 46264
B6: Days in period | C6: 91 | D6: 91 | E6: 91 | F6: 98 | G6: 371 | H6: 91
B8: LW discloses geography (US vs non-US customers) annually only; quarterly splits are not disclosed (n/a). 1Q27E applies the FY26 US share of the North America segment.
B9: Net sales by customer location
B10: United States | C10: n/a | D10: n/a | E10: n/a | F10: n/a | G10: 4289.6 | H10: ='Segment - North America'!H33*H22 -> 1073.6783
B11: % of total net sales | C11: n/a | D11: n/a | E11: n/a | F11: n/a | G11: =G10/G16 -> 0.6487304 | H11: =H10/H16 -> 0.65098237
B12: % Y/Y | C12: n/a | D12: n/a | E12: n/a | F12: n/a | G12: =G10/G28-1 -> 0.027572164 | H12: n/a | I12: 1Q27E Y/Y not computable: 1Q26 US sales not disclosed
B13: Non-US | C13: n/a | D13: n/a | E13: n/a | F13: n/a | G13: 2322.7 | H13: ='Revenue summary'!H11-H10 -> 575.6418
B14: % of total net sales | C14: n/a | D14: n/a | E14: n/a | F14: n/a | G14: =G13/G16 -> 0.3512696 | H14: =H13/H16 -> 0.34901763
B15: % Y/Y | C15: n/a | D15: n/a | E15: n/a | F15: n/a | G15: =G13/G29-1 -> 0.020159874 | H15: n/a
B16: Total net sales | C16: n/a | D16: n/a | E16: n/a | F16: n/a | G16: =G10+G13 -> 6612.3 | H16: =H10+H13 -> 1649.3201
B17: Check: Geo sums to total revenue | G17: =ABS(G16-'Revenue summary'!G11)<0.05 -> TRUE | H17: =ABS(H16-'Revenue summary'!H11)<0.05 -> TRUE | I17: 1Q27E (H17) = construction identity - memo only, excluded from PASS
B18: Organic / M&A / FX by geography | C18: n/a | D18: n/a | E18: n/a | F18: n/a | G18: n/a | H18: n/a | I18: Not disclosed by geography — unavailable
B20: Derived splits
B21: Canada & Mexico (NA less US) | C21: n/a | D21: n/a | E21: n/a | F21: n/a | G21: ='Segment - North America'!G33-G10 -> 105.6 | H21: ='Segment - North America'!H33-H10 -> 26.431469
B22: US share of North America segment | C22: n/a | D22: n/a | E22: n/a | F22: n/a | G22: =G10/'Segment - North America'!G33 -> 0.97597379 | H22: =G22 -> 0.97597379 | I22: 1Q27E assumption = FY26 ratio
B23: Change Y/Y (bps) | C23: n/a | D23: n/a | E23: n/a | F23: n/a | G23: n/a | H23: n/a | I23: Quarterly and FY25 US share of NA not derivable from disclosures used; unavailable
B24: Change vs prior quarter (bps) | C24: n/a | D24: n/a | E24: n/a | F24: n/a | G24: n/a | H24: n/a
B25: Check: non-US = Intl + Canada/Mexico | G25: =ABS(G13-'Segment - International'!G33-G21)<0.05 -> TRUE | H25: =ABS(H13-'Segment - International'!H33-H21)<0.05 -> TRUE | I25: 1Q27E (H25) = construction identity (H13 = total less US) - memo only, excluded from PASS
B27: Prior year (FY25)
B28: United States — FY25 | G28: 4174.5
B29: Non-US — FY25 | G29: 2276.8
B31: Long-lived assets by country (FY only)
B32: United States | C32: n/a | D32: n/a | E32: n/a | F32: n/a | G32: 2357.1 | H32: n/a
B33: Netherlands | C33: n/a | D33: n/a | E33: n/a | F33: n/a | G33: 838 | H33: n/a
B34: Other | C34: n/a | D34: n/a | E34: n/a | F34: n/a | G34: 782.3 | H34: n/a
B35: Total long-lived assets | C35: n/a | D35: n/a | E35: n/a | F35: n/a | G35: =SUM(G32:G34) -> 3977.4 | H35: n/a
B36: Memo: reported total long-lived assets | G36: 3977.4
B37: Check: countries sum to total | G37: =ABS(G35-G36)<0.05 -> TRUE
B39: Check: historical tie-outs pass | H39: =AND(G17,G25,G37) -> TRUE

Sheet Share Count
B1: Lamb Weston Holdings, Inc. (NYSE: LW)
B2: Share Count
B3: $ millions, except per share; shares in millions
B4: Period | C4: 1Q26A | D4: 2Q26A | E4: 3Q26A | F4: 4Q26A | G4: FY26A | H4: 1Q27E | I4: Notes
B5: Period end | C5: 45893 | D5: 45984 | E5: 46075 | F5: 46173 | G5: 46173 | H5: 46264
B6: Days in period | C6: 91 | D6: 91 | E6: 91 | F6: 98 | G6: 371 | H6: 91
B8: Weighted average shares
B9: Weighted average basic shares | C9: 139.5 | D9: 139.4 | E9: 139 | F9: 137.7 | G9: 138.9 | H9: =AVERAGE(H21,H34) -> 137.40544 | I9: 1Q27E = average of opening and closing shares outstanding (endpoint simplification; 2026-07-17 memo H36 not used, ~-$0.0002 EPS if time-weighted)
B10: Dilutive securities | C10: =C13-C9 -> 0.3 | D10: =D13-D9 -> 0.2 | E10: =E13-E9 -> 0.3 | F10: =F13-F9 -> 0.3 | G10: =G13-G9 -> 0.2 | H10: 0.3 | I10: 1Q27E 0.3M: 4Q26A/1Q26A dilution 0.3M
B11: Y/Y change (M) | C11: n/a | D11: n/a | E11: n/a | F11: n/a | G11: n/a | H11: =H10-C10 -> 0
B12: Q/Q change (M) | C12: n/a | D12: =D10-C10 -> -0.1 | E12: =E10-D10 -> 0.1 | F12: =F10-E10 -> 0 | H12: =H10-F10 -> 0
B13: Weighted average diluted shares | C13: 139.8 | D13: 139.6 | E13: 139.3 | F13: 138 | G13: 139.1 | H13: =H9+H10 -> 137.70544 | I13: FY27 guide diluted shares 137.5–139.0M (S06)
B14: Y/Y change (M) | C14: =C13-C16 -> -4.4 | D14: =D13-D16 -> -3.6 | E14: =E13-E16 -> -3.1 | F14: =F13-F16 -> -3 | G14: =G13-G16 -> -3.6 | H14: =H13-H16 -> -2.094559
B15: Q/Q change (M) | C15: =C13-F16 -> -1.2 | D15: =D13-C13 -> -0.2 | E15: =E13-D13 -> -0.3 | F15: =F13-E13 -> -1.3 | H15: =H13-F13 -> -0.294559
B16: Prior-year weighted avg. diluted | C16: 144.2 | D16: 143.2 | E16: 142.4 | F16: 141 | G16: 142.7 | H16: =C13 -> 139.8
B18: Shares outstanding roll-forward (M)
B19: Memo: shares issued, FY25 year-end | C19: 151.39027
B20: Memo: treasury shares, FY25 year-end | C20: 12.152507
B21: Opening shares outstanding | C21: =C19-C20 -> 139.23776 | D21: =C34 -> 139.33541 | E21: =D34 -> 138.87947 | F21: =E34 -> 138.97955 | G21: =C21 -> 139.23776 | H21: =F34 -> 137.45544
B22: Shares repurchased (program) | C22: 0.187259 | D22: 0.617623 | E22: 0 | F22: =G22-C22-D22-E22 -> 1.539586 | G22: 2.344468 | H22: =H23/H26 -> 0.4 | I22: 4Q26A = FY26 total (2,344,468 sh, 10-K) less 1Q–3Q; 3Q26 none (trading restriction)
B23: Repurchase spend ($M) | C23: 10.4 | D23: 39.6 | E23: 0 | F23: =G23-C23-D23-E23 -> 63.2 | G23: 113.2 | H23: 20 | I23: 1Q27E $20M assumption (10b5-1 plan in place; $245M authorisation remaining at FY26 end)
B24: Y/Y change ($) | C24: n/a | D24: n/a | E24: n/a | F24: n/a | G24: n/a | H24: =H23-C23 -> 9.6
B25: Q/Q change ($) | C25: n/a | D25: =D23-C23 -> 29.2 | E25: =E23-D23 -> -39.6 | F25: =F23-E23 -> 63.2 | H25: =H23-F23 -> -43.2
B26: Average repurchase price ($/sh) | C26: =IF(C22=0,"n/a",C23/C22) -> 55.538052 | D26: =IF(D22=0,"n/a",D23/D22) -> 64.116783 | E26: =IF(E22=0,"n/a",E23/E22) -> n/a | F26: =IF(F22=0,"n/a",F23/F22) -> 41.049997 | G26: =IF(G22=0,"n/a",G23/G22) -> 48.283875 | H26: 50 | I26: 1Q27E $50: LW traded ≈$45–56 Jun–Aug 2026 (post-results high $55.70, S12; $6.86bn cap on 2026-09-07)
B27: Y/Y change ($/sh) | C27: n/a | D27: n/a | E27: n/a | F27: n/a | G27: n/a | H27: =IFERROR(H26-C26,"n/a") -> -5.5380516
B28: Q/Q change ($/sh) | C28: n/a | D28: =IFERROR(D26-C26,"n/a") -> 8.5787316 | E28: =IFERROR(E26-D26,"n/a") -> n/a | F28: =IFERROR(F26-E26,"n/a") -> n/a | H28: =IFERROR(H26-F26,"n/a") -> 8.9500034
B29: Other movements (vesting, withholding) | C29: =C34-C21+C22 -> 0.28491 | D29: =D34-D21+D22 -> 0.161677 | E29: =E34-E21+E22 -> 0.10008 | F29: =F34-F21+F22 -> 0.015482 | G29: =G34-G21+G22 -> 0.562149 | H29: 0.3 | I29: 1Q27E 0.3M: 1Q26A +0.28M (annual vesting cycle)
B30: Y/Y change (M) | C30: n/a | D30: n/a | E30: n/a | F30: n/a | G30: n/a | H30: =H29-C29 -> 0.01509
B31: Q/Q change (M) | C31: n/a | D31: =D29-C29 -> -0.123233 | E31: =E29-D29 -> -0.061597 | F31: =F29-E29 -> -0.084598 | H31: =H29-F29 -> 0.284518
B32: Shares issued (period end) | C32: 151.83284 | D32: 152.00616 | E32: 152.10895 | F32: 152.13476 | G32: =F32 -> 152.13476 | H32: =F32+H29 -> 152.43476
B33: Treasury shares (period end) | C33: 12.497431 | D33: 13.126699 | E33: 13.129408 | F33: 14.679316 | G33: =F33 -> 14.679316 | H33: =F33+H22 -> 15.079316
B34: Shares outstanding (period end) | C34: =C32-C33 -> 139.33541 | D34: =D32-D33 -> 138.87947 | E34: =E32-E33 -> 138.97955 | F34: =F32-F33 -> 137.45544 | G34: =G32-G33 -> 137.45544 | H34: =H32-H33 -> 137.35544
B35: Q/Q change (M) | C35: n/a | D35: =D34-C34 -> -0.455946 | E35: =E34-D34 -> 0.10008 | F35: =F34-E34 -> -1.524104 | H35: =H34-F34 -> -0.1
B36: Memo: outstanding at 2026-07-17 | H36: 137.48101
B37: Memo: share roll-forward identity (row 29 = plug) | C37: =ABS(C21-C22+C29-C34)<0.000001 -> TRUE | D37: =ABS(D21-D22+D29-D34)<0.000001 -> TRUE | E37: =ABS(E21-E22+E29-E34)<0.000001 -> TRUE | F37: =ABS(F21-F22+F29-F34)<0.000001 -> TRUE | G37: =ABS(G21-G22+G29-G34)<0.000001 -> TRUE | H37: =ABS(H21-H22+H29-H34)<0.000001 -> TRUE | I37: Construction identity in every column: row 29 is the residual (closing − opening + repurchased), so this cannot fail; memo only, excluded from Cover PASS. 1Q26A plug 0.285 = issued +0.443 less withholding to treasury 0.158
B39: Dividends
B40: Dividends declared per share ($) | C40: 0.37 | D40: 0.37 | E40: 0.38 | F40: 0.38 | G40: 1.5 | H40: 0.38 | I40: 1Q27E $0.38 declared 2026-07-23 (payable 2026-09-04)
B41: Y/Y change ($) | C41: n/a | D41: n/a | E41: n/a | F41: n/a | G41: n/a | H41: =H40-C40 -> 0.01
B42: Q/Q change ($) | C42: n/a | D42: =D40-C40 -> 0 | E42: =E40-D40 -> 0.01 | F42: =F40-E40 -> 0 | H42: =H40-F40 -> 0
B43: Dividend cash paid ($M) | C43: =-'Cash Flow Statement'!C86 -> 51.7 | D43: =-'Cash Flow Statement'!D86 -> 51.6 | E43: =-'Cash Flow Statement'!E86 -> 51.4 | F43: =-'Cash Flow Statement'!F86 -> 52.8 | G43: =-'Cash Flow Statement'!G86 -> 207.5 | H43: =H40*H21 -> 52.233068 | I43: 1Q27E cash paid = 2026-06-05 dividend ($0.38, declared 2026-03-31) x opening shares; H40 used because paid and declared DPS are both $0.38. The 2026-07-23 declaration is payable 2026-09-04 (2Q27)
B45: Share count behind the forecast EPS
B46: Diluted shares behind 1Q27E EPS | H46: =H13 -> 137.70544

Sheet Guidance
B1: Lamb Weston Holdings, Inc. (NYSE: LW)
B2: Guidance — company guidance log and record vs midpoint
B3: $ millions, except per share
B8: Metric | C8: Date given | D8: Period | E8: Low | F8: High | G8: Midpoint | H8: Actual | I8: Beat / miss | J8: Shortcut est. | K8: Basis / source
B9: Net sales at constant currency ($M) | C9: 45930 | D9: FY26 | E9: 6350 | F9: 6550 | G9: =AVERAGE(E9:F9) -> 6450 | H9: ='Revenue summary'!G38 -> 6489.2 | I9: =IF(H9="","pending",IF(H9>F9,"Beat (above high)",IF(H9<E9,"Miss (below low)",IF(H9>=G9,"Within, above mid","Within, below mid")))) -> Within, above mid | K9: Reaffirmed in Q1 FY26 release (S03); actual = FY26 net sales ex FX $6,489.2M
B10: Net sales ($M) | C10: 46010 | D10: FY26 | E10: 6350 | F10: 6550 | G10: =AVERAGE(E10:F10) -> 6450 | H10: ='Revenue summary'!G11 -> 6612.3 | I10: =IF(H10="","pending",IF(H10>F10,"Beat (above high)",IF(H10<E10,"Miss (below low)",IF(H10>=G10,"Within, above mid","Within, below mid")))) -> Beat (above high) | K10: Reaffirmed in Q2 FY26 release (S04)
B11: Net sales ($M, incl. ≈1.8% FX and 53rd week) | C11: 46113 | D11: FY26 | E11: 6450 | F11: 6550 | G11: =AVERAGE(E11:F11) -> 6500 | H11: ='Revenue summary'!G11 -> 6612.3 | I11: =IF(H11="","pending",IF(H11>F11,"Beat (above high)",IF(H11<E11,"Miss (below low)",IF(H11>=G11,"Within, above mid","Within, below mid")))) -> Beat (above high) | K11: Raised low end in Q3 FY26 release (S05)
B12: Adjusted EBITDA ($M) | C12: 45930 | D12: FY26 | E12: 1000 | F12: 1200 | G12: =AVERAGE(E12:F12) -> 1100 | H12: ='Income Statement'!G147 -> 1147.2 | I12: =IF(H12="","pending",IF(H12>F12,"Beat (above high)",IF(H12<E12,"Miss (below low)",IF(H12>=G12,"Within, above mid","Within, below mid")))) -> Within, above mid | K12: Q1 FY26 release (S03)
B13: Adjusted EBITDA ($M) | C13: 46010 | D13: FY26 | E13: 1000 | F13: 1200 | G13: =AVERAGE(E13:F13) -> 1100 | H13: ='Income Statement'!G147 -> 1147.2 | I13: =IF(H13="","pending",IF(H13>F13,"Beat (above high)",IF(H13<E13,"Miss (below low)",IF(H13>=G13,"Within, above mid","Within, below mid")))) -> Within, above mid | K13: Q2 FY26 release (S04)
B14: Adjusted EBITDA ($M) | C14: 46113 | D14: FY26 | E14: 1080 | F14: 1140 | G14: =AVERAGE(E14:F14) -> 1110 | H14: ='Income Statement'!G147 -> 1147.2 | I14: =IF(H14="","pending",IF(H14>F14,"Beat (above high)",IF(H14<E14,"Miss (below low)",IF(H14>=G14,"Within, above mid","Within, below mid")))) -> Beat (above high) | K14: Q3 FY26 release (S05)
B15: Cash capital expenditures ($M) | C15: 45930 | D15: FY26 | E15: 500 | F15: 500 | G15: =AVERAGE(E15:F15) -> 500 | H15: =-('Cash Flow Statement'!G57+'Cash Flow Statement'!G60) -> 410.1 | I15: =IF(H15="","pending",IF(H15<E15,"Below range (favourable)",IF(H15>F15,"Above range","Within range"))) -> Below range (favourable) | K15: "Approximately $500 million" (S03, S04)
B16: Cash capital expenditures ($M) | C16: 46113 | D16: FY26 | E16: 400 | F16: 400 | G16: =AVERAGE(E16:F16) -> 400 | H16: =-('Cash Flow Statement'!G57+'Cash Flow Statement'!G60) -> 410.1 | I16: =IF(H16="","pending",IF(H16<E16,"Below range (favourable)",IF(H16>F16,"Above range","Within range"))) -> Above range | K16: "Approximately $400 million" (S05); actual $410.1M (S06)
B17: Net sales implied for 4Q26 by FY26 range less 9M actual ($M) | C17: 46113 | D17: 4Q26 | E17: =E11-SUM('Revenue summary'!C11:E11) -> 1607.8 | F17: =F11-SUM('Revenue summary'!C11:E11) -> 1707.8 | G17: =AVERAGE(E17:F17) -> 1657.8 | H17: ='Revenue summary'!F11 -> 1770.1 | I17: =IF(H17="","pending",IF(H17>F17,"Beat (above high)",IF(H17<E17,"Miss (below low)",IF(H17>=G17,"Within, above mid","Within, below mid")))) -> Beat (above high) | K17: Derived (not issued as quarterly guidance)
B18: Adjusted EBITDA implied for 4Q26 by FY26 range less 9M actual ($M) | C18: 46113 | D18: 4Q26 | E18: =E14-SUM('Income Statement'!C147:E147) -> 220.4 | F18: =F14-SUM('Income Statement'!C147:E147) -> 280.4 | G18: =AVERAGE(E18:F18) -> 250.4 | H18: ='Income Statement'!F147 -> 287.6 | I18: =IF(H18="","pending",IF(H18>F18,"Beat (above high)",IF(H18<E18,"Miss (below low)",IF(H18>=G18,"Within, above mid","Within, below mid")))) -> Beat (above high) | K18: Derived (not issued as quarterly guidance)
B19: Net sales growth vs 52-week FY26 base ($6.5bn) | C19: 46227 | D19: FY27 | E19: 0 | F19: 0.01 | G19: =AVERAGE(E19:F19) -> 0.005 | I19: =IF(H19="","pending",IF(H19>F19,"Beat (above high)",IF(H19<E19,"Miss (below low)",IF(H19>=G19,"Within, above mid","Within, below mid")))) -> pending | K19: Q4 FY26 release (S06)
B20: FY26 52-week adjusted net sales base ($M) | C20: 46227 | D20: FY26 (52-wk) | E20: 6500 | F20: 6500 | G20: =AVERAGE(E20:F20) -> 6500 | I20: =IF(H20="","pending",IF(H20>G20,"Above midpoint",IF(H20<G20,"Below midpoint","At midpoint"))) -> pending | K20: "$6.5 billion" (S06)
B21: Net sales implied ($M) = base × (1 + growth) | C21: 46227 | D21: FY27 | E21: =E20*(1+E19) -> 6500 | F21: =F20*(1+F19) -> 6565 | G21: =AVERAGE(E21:F21) -> 6532.5 | I21: =IF(H21="","pending",IF(H21>F21,"Beat (above high)",IF(H21<E21,"Miss (below low)",IF(H21>=G21,"Within, above mid","Within, below mid")))) -> pending | K21: Derived
B22: Adjusted EBITDA ($M) | C22: 46227 | D22: FY27 | E22: 1100 | F22: 1200 | G22: =AVERAGE(E22:F22) -> 1150 | I22: =IF(H22="","pending",IF(H22>F22,"Beat (above high)",IF(H22<E22,"Miss (below low)",IF(H22>=G22,"Within, above mid","Within, below mid")))) -> pending | K22: S06; FY26 52-week comparable $1.12bn (S08)
B23: Adjusted diluted EPS ($) | C23: 46227 | D23: FY27 | E23: 2.95 | F23: 3.25 | G23: =AVERAGE(E23:F23) -> 3.1 | I23: =IF(H23="","pending",IF(H23>F23,"Beat (above high)",IF(H23<E23,"Miss (below low)",IF(H23>=G23,"Within, above mid","Within, below mid")))) -> pending | K23: S06; FY26 52-week comparable $2.90
B24: Adjusted income from operations ($M) | C24: 46227 | D24: FY27 | E24: 720 | F24: 800 | G24: =AVERAGE(E24:F24) -> 760 | I24: =IF(H24="","pending",IF(H24>F24,"Beat (above high)",IF(H24<E24,"Miss (below low)",IF(H24>=G24,"Within, above mid","Within, below mid")))) -> pending | K24: S06
B25: Depreciation and amortization ($M, approx.) | C25: 46227 | D25: FY27 | E25: 410 | F25: 410 | G25: =AVERAGE(E25:F25) -> 410 | I25: =IF(H25="","pending",IF(H25>G25,"Above midpoint",IF(H25<G25,"Below midpoint","At midpoint"))) -> pending | K25: S06 ('approximately $410 million'); basis (EBITDA-recon D&A incl. JV items vs LW-only) not stated - unresolved. Guided EBITDA mid less adj. op. income mid = 390, below 410
B26: Interest expense, net ($M, approx.) | C26: 46227 | D26: FY27 | E26: 190 | F26: 190 | G26: =AVERAGE(E26:F26) -> 190 | I26: =IF(H26="","pending",IF(H26>G26,"Above midpoint",IF(H26<G26,"Below midpoint","At midpoint"))) -> pending | K26: S06
B27: Adjusted effective tax rate | C27: 46227 | D27: FY27 | E27: 0.255 | F27: 0.275 | G27: =AVERAGE(E27:F27) -> 0.265 | I27: =IF(H27="","pending",IF(H27>F27,"Beat (above high)",IF(H27<E27,"Miss (below low)",IF(H27>=G27,"Within, above mid","Within, below mid")))) -> pending | K27: S06
B28: Diluted shares outstanding (M) | C28: 46227 | D28: FY27 | E28: 137.5 | F28: 139 | G28: =AVERAGE(E28:F28) -> 138.25 | I28: =IF(H28="","pending",IF(H28>F28,"Beat (above high)",IF(H28<E28,"Miss (below low)",IF(H28>=G28,"Within, above mid","Within, below mid")))) -> pending | K28: S06
B29: Net cash from operating activities ($M) | C29: 46227 | D29: FY27 | E29: 750 | F29: 800 | G29: =AVERAGE(E29:F29) -> 775 | I29: =IF(H29="","pending",IF(H29>F29,"Beat (above high)",IF(H29<E29,"Miss (below low)",IF(H29>=G29,"Within, above mid","Within, below mid")))) -> pending | K29: S06
B30: Cash capital expenditures ($M) | C30: 46227 | D30: FY27 | E30: 380 | F30: 410 | G30: =AVERAGE(E30:F30) -> 395 | I30: =IF(H30="","pending",IF(H30<E30,"Below range (favourable)",IF(H30>F30,"Above range","Within range"))) -> pending | K30: S06; accrual basis $330–350M
B31: Capital expenditures, accrual basis ($M) | C31: 46227 | D31: FY27 | E31: 330 | F31: 350 | G31: =AVERAGE(E31:F31) -> 340 | I31: =IF(H31="","pending",IF(H31<E31,"Below range (favourable)",IF(H31>F31,"Above range","Within range"))) -> pending | K31: S06 footnote (c)
B32: North America net sales growth (comparable weeks) | C32: 46227 | D32: FY27 | E32: 0 | F32: 0.03 | G32: =AVERAGE(E32:F32) -> 0.015 | I32: =IF(H32="","pending",IF(H32>F32,"Beat (above high)",IF(H32<E32,"Miss (below low)",IF(H32>=G32,"Within, above mid","Within, below mid")))) -> pending | K32: "flat to up low single digits" (S08); 0–3% is Shortcut interpretation
B33: North America Segment Adj. EBITDA growth | C33: 46227 | D33: FY27 | E33: 0 | F33: 0.03 | G33: =AVERAGE(E33:F33) -> 0.015 | I33: =IF(H33="","pending",IF(H33>F33,"Beat (above high)",IF(H33<E33,"Miss (below low)",IF(H33>=G33,"Within, above mid","Within, below mid")))) -> pending | K33: "flat to up low single-digits" (S08); interpretation
B34: International net sales growth | C34: 46227 | D34: FY27 | E34: -0.03 | F34: -0.01 | G34: =AVERAGE(E34:F34) -> -0.02 | I34: =IF(H34="","pending",IF(H34>F34,"Beat (above high)",IF(H34<E34,"Miss (below low)",IF(H34>=G34,"Within, above mid","Within, below mid")))) -> pending | K34: "down low single digits" (S08); interpretation
B35: International Segment Adj. EBITDA growth | C35: 46227 | D35: FY27 | E35: 0.4 | F35: 0.5 | G35: =AVERAGE(E35:F35) -> 0.45 | I35: =IF(H35="","pending",IF(H35>F35,"Beat (above high)",IF(H35<E35,"Miss (below low)",IF(H35>=G35,"Within, above mid","Within, below mid")))) -> pending | K35: "improve between 40 and 50 percent" (S08)
B36: Broekhuizenvorst closure pre-tax charges ($M) | C36: 46177 | D36: FY27 | E36: 80 | F36: 110 | G36: =AVERAGE(E36:F36) -> 95 | I36: =IF(H36="","pending",IF(H36>G36,"Above midpoint",IF(H36<G36,"Below midpoint","At midpoint"))) -> pending | K36: 8-K Item 2.05 (S10); excluded from adjusted EPS
B37: 1Q27 net sales growth Y/Y ("flat") | C37: 46227 | D37: 1Q27 | E37: 0 | F37: 0 | G37: =AVERAGE(E37:F37) -> 0 | I37: =IF(H37="","pending",IF(H37>G37,"Above midpoint",IF(H37<G37,"Below midpoint","At midpoint"))) -> pending | J37: ='Revenue summary'!H20 -> -0.0060145176 | K37: S08 management remarks
B38: 1Q27 net sales ($M) implied by "flat" | C38: 46227 | D38: 1Q27 | E38: ='Revenue summary'!C11*(1+E37) -> 1659.3 | F38: ='Revenue summary'!C11*(1+F37) -> 1659.3 | G38: =AVERAGE(E38:F38) -> 1659.3 | I38: =IF(H38="","pending",IF(H38>G38,"Above midpoint",IF(H38<G38,"Below midpoint","At midpoint"))) -> pending | J38: ='Revenue summary'!H11 -> 1649.3201 | K38: Derived from 1Q26A $1,659.3M; CapIQ revenue_m_guidance 1659.3
B39: 1Q27 Adj. EBITDA growth Y/Y ("decline in the low-teens") | C39: 46227 | D39: 1Q27 | E39: -0.14 | F39: -0.11 | G39: =AVERAGE(E39:F39) -> -0.125 | I39: =IF(H39="","pending",IF(H39>F39,"Beat (above high)",IF(H39<E39,"Miss (below low)",IF(H39>=G39,"Within, above mid","Within, below mid")))) -> pending | J39: ='Income Statement'!H152 -> -0.12265782 | K39: S08; low-teens interpreted as −11% to −14%
B40: 1Q27 Adj. EBITDA ($M) implied | C40: 46227 | D40: 1Q27 | E40: ='Income Statement'!C147*(1+E39) -> 259.892 | F40: ='Income Statement'!C147*(1+F39) -> 268.958 | G40: =AVERAGE(E40:F40) -> 264.425 | I40: =IF(H40="","pending",IF(H40>F40,"Beat (above high)",IF(H40<E40,"Miss (below low)",IF(H40>=G40,"Within, above mid","Within, below mid")))) -> pending | J40: ='Income Statement'!H147 -> 265.13281 | K40: Derived from 1Q26A $302.2M
B41: 1Q27 adjusted net income implied ($M) | C41: 46227 | D41: 1Q27 | E41: =(E40-G25/4-G26/4)*(1-G27) -> 80.77062 | F41: =(F40-G25/4-G26/4)*(1-G27) -> 87.43413 | G41: =AVERAGE(E41:F41) -> 84.102375 | I41: =IF(H41="","pending",IF(H41>F41,"Beat (above high)",IF(H41<E41,"Miss (below low)",IF(H41>=G41,"Within, above mid","Within, below mid")))) -> pending | J41: ='Income Statement'!H130 -> 83.97562 | K41: Derived: implied EBITDA - 1/4 FY27 D&A - 1/4 FY27 interest, taxed at FY27 mid ETR; not issued by LW. Equity earnings net out, but JV interest/tax/D&A in EBITDA (~$2.2M/qtr) is omitted if the D&A guide is LW-only (then ~$82.3M / $0.595)
B42: 1Q27 adjusted diluted EPS implied ($) | C42: 46227 | D42: 1Q27 | E42: =E41/G28 -> 0.58423595 | F42: =F41/G28 -> 0.63243494 | G42: =AVERAGE(E42:F42) -> 0.60833544 | I42: =IF(H42="","pending",IF(H42>F42,"Beat (above high)",IF(H42<E42,"Miss (below low)",IF(H42>=G42,"Within, above mid","Within, below mid")))) -> pending | J42: ='Income Statement'!H133 -> 0.60982064 | K42: Derived ÷ FY27 mid diluted shares; not issued by LW. See K41 basis caveat
B44: Record: FY26 net sales and Adj. EBITDA guidance was met or beaten at every update; the implied 4Q26 figures were beaten (actual above implied high). LW gives no quarterly EPS guidance.

Sheet Sources
B1: Lamb Weston Holdings, Inc. (NYSE: LW)
B2: Sources
B3: $ millions, except per share
B8: ID — document | C8: Published | D8: Retrieved (UTC) | I8: Publisher | J8: Feeds | K8: URL or file
B9: S01 — LW_history.csv (CapIQ history, 6 rows) | C9: 46299 | D9: attached | I9: S&P Capital IQ | J9: Inputs C; Revenue summary reported sales; IS reported/consensus EPS; calibration | K9: LW_history.csv (SHA256 ac8fc38d…6829)
B10: S02 — LW_consensus.json (CapIQ consensus snapshot) | C10: 46299 | D10: attached | I10: S&P Capital IQ | J10: Inputs A/B; Cover consensus | K10: LW_consensus.json (SHA256 652f195f…86ad)
B11: S03 — Q1 FY26 earnings release (Ex. 99.1) | C11: 45930 | D11: 2026-10-04 22:2x–22:4x | I11: Lamb Weston / SEC 8-K | J11: 1Q26A IS, BS, CF, segments, bridge; FY26 guidance | K11: https://www.sec.gov/Archives/edgar/data/1679273/000167927325000068/lw-20250824x8kxexx9911q26.htm
B12: S04 — Q2 FY26 earnings release (Ex. 99.1) | C12: 46010 | D12: 2026-10-04 22:2x–22:4x | I12: Lamb Weston | J12: 2Q26A IS, BS, CF (1H), segments, bridge | K12: https://investors.lambweston.com/static-files/f4d3c7be-8520-4e3b-ad1c-947ff8e11079
B13: S05 — Q3 FY26 earnings release (Ex. 99.1) | C13: 46113 | D13: 2026-10-04 22:2x–22:4x | I13: Lamb Weston | J13: 3Q26A IS, BS, CF (9M), segments, bridge; FY26 updated guidance | K13: https://investors.lambweston.com/static-files/9f03ff19-1e8d-4002-ad45-ea16a804db88
B14: S06 — Q4/FY26 earnings release (Ex. 99.1) | C14: 46227 | D14: 2026-10-04 22:2x–22:4x | I14: Lamb Weston / SEC 8-K | J14: 4Q26A/FY26A IS, BS, CF, segments, extra week, bridge; FY27 guidance | K14: https://www.sec.gov/Archives/edgar/data/1679273/000167927326000024/a-lwx20260531xexx991fy26v2.htm
B15: S07 — FY26 Form 10-K (incl. XBRL R91/R92) | C15: 46227 | D15: 2026-10-04 22:2x–22:4x | I15: Lamb Weston / SEC | J15: Geo (US/non-US, long-lived assets); shares at 2026-07-17; buyback shares; no M&A | K15: https://www.sec.gov/Archives/edgar/data/1679273/000167927326000026/lw-20260531.htm
B16: S08 — Q4 FY26 management remarks | C16: 46227 | D16: 2026-10-04 22:2x–22:4x | I16: Lamb Weston | J16: 1Q27 cadence (sales flat, EBITDA down low-teens); FY27 segment guidance; inflation | K16: https://investors.lambweston.com/static-files/337f991d-cfe1-4bd7-b2cd-731112b237bb
B17: S09 — Q4 FY26 earnings call transcript (Q&A) | C17: 46227 | D17: 2026-10-04 22:2x–22:4x | I17: Earnings Whispers | J17: US inflation ≈3%; pricing pass-through commentary | K17: https://beta.earningswhispers.com/transcript/LW/Q42026
B18: S10 — 8-K: Broekhuizenvorst closure (Item 2.05) | C18: 46177 | D18: 2026-10-04 22:2x–22:4x | I18: Lamb Weston / SEC | J18: 1Q27E restructuring charge assumption ($80–110M FY27; ≥20% cash) | K18: https://www.sec.gov/Archives/edgar/data/1679273/000167927326000020/lw-20260601.htm
B19: S11 — Zacks: Wall Street estimates for key metrics (Q1) | C19: 46296 | D19: 2026-10-04 22:2x–22:4x | I19: Zacks via Yahoo Finance | J19: Segment sales/EBITDA and volume consensus (cross-check) | K19: https://finance.yahoo.com/markets/stocks/articles/curious-lamb-weston-lw-q1-121501863.html
B20: S12 — Earnings Whispers Q1 FY27 preview | C20: 46293 | D20: 2026-10-04 22:2x–22:4x | I20: Earnings Whispers | J20: Consensus $0.58; cost carry-over; sentiment; post-results high $55.70 | K20: https://beta.earningswhispers.com/article/LW/20291
... B33: S25 — McDonald’s US sales growth slows (Q2 2026) | C33: 46238 | D33: 2026-10-04 22:2x–22:4x | I33: Reuters | J33: Largest customer (~15% of sales) US softness | K33: https://www.reuters.com/business/mcdonalds-us-sales-disappoint-value-deals-fail-draw-enough-diners-2026-08-04/
B34: S26 — LW announces Q1 FY27 report date | C34: 2026-09 | D34: 2026-10-04 22:2x–22:4x | I34: Lamb Weston | J34: Expected report date 2026-10-06, 8:00 AM ET; publication date month-only (2026-09), exact day not captured | K34: https://news.lambweston.com/news-releases/news-release-details/lamb-weston-announce-fiscal-year-2027-first-quarter-financial
B36: Tab coverage: every tab in the required list carries content; none omitted. Geo uses the annual US / non-US split in the FY26 10-K (S07); quarterly geography is not disclosed.
B37: Retrieval: web sources fetched 2026-10-04 (UTC) via web_fetch / Exa search; all cited content was published before the 2026-10-04 22:22 UTC cutoff. No 1Q27 actual results were encountered. Retrieval times (D) are approximate and may fall after 22:22 UTC; no exact capture timestamps or frozen snapshots are claimed. CapIQ capture is date-precision only (2026-10-04)

Sheet Inputs
B1: Lamb Weston Holdings, Inc. (NYSE: LW)
B2: Inputs — S&P Capital IQ raw data (LW_consensus.json, LW_history.csv) and beat-probability calibration
B3: $ millions, except per share
B8: A. LW_consensus.json — top-level fields (raw, as supplied)
B9: source | C9: S&P Capital IQ
B10: ticker | C10: LW
B11: company | C11: Lamb Weston Holdings, Inc.
B12: fiscal_period | C12: Q1 FY2027
B13: period_end_date | C13: 46265
B14: as_of_date | C14: 46299
B15: analyst_count | C15: 9
B16: consensus_eps | C16: 0.59
B17: eps_basis | C17: Normalized diluted EPS per common share, USD; verify issuer adjustments
B18: consensus_revenue_m | C18: 1655.96
B19: currency | C19: USD
B20: summary_sha256 | C20: dcd0ceefcbfabc05b4b93dc4d870480edb653ec275c18d538b8e064442f96004
B21: captured_precision | C21: date only, user confirmed
B22: currency_units_status | C22: USD per common share inferred; verify filings
B24: B. summary_row — full raw CapIQ summary row (strings converted to numbers where numeric; blanks preserved)
B25: field | C25: value | M25: Use in model
B26: ticker | C26: LW
B27: company_name | C27: Lamb Weston Holdings, Inc.
B28: exchange_ticker | C28: NYSE:LW
B29: capiq_company_id | C29: 374372246
B30: sp500_member | C30: Y | M30: Checked: stale — LW removed from S&P 500 on 2026-03-23 (Sources S19)
B31: market_cap_usd_m | M31: Blank in export — researched separately (calibration block)
B32: fiscal_quarter | C32: FQ1 2027 - Aug 2026
B33: quarter_end_date | C33: 46265
B34: expected_report_date | C34: 46303
B35: fiscal_year_end | C35: May-31
B36: analysts_covering | C36: 12
B37: eps_normalized_mean | C37: 0.59 | M37: Cover consensus EPS; Income Statement 1Q27E consensus row
B38: eps_normalized_median | C38: 0.59
B39: eps_normalized_high | C39: 0.62 | M39: Cover consensus range
B40: eps_normalized_low | C40: 0.54 | M40: Cover consensus range
B41: eps_normalized_std_dev | C41: 0.02 | M41: Cover consensus dispersion
B42: eps_normalized_n_est | C42: 9 | M42: Cover # of normalized EPS contributors (primary count)
B43: eps_normalized_guidance
B44: eps_normalized_guidance_low
B45: eps_normalized_guidance_high
B46: eps_gaap_mean | C46: 0.52 | M46: Cover GAAP EPS consensus
B47: eps_gaap_median | C47: 0.54
B48: eps_gaap_high | C48: 0.58
B49: eps_gaap_low | C49: 0.45
B50: eps_gaap_std_dev | C50: 0.05
B51: eps_gaap_n_est | C51: 5
B52: eps_gaap_guidance | C52: 0.38 | M52: Not used: LW issues no GAAP EPS guidance; 0.38 equals the quarterly dividend per share
B53: revenue_m_mean | C53: 1655.96 | M53: Cover consensus revenue
B54: revenue_m_median | C54: 1658.33
B55: revenue_m_high | C55: 1663.1
B56: revenue_m_low | C56: 1642
B57: revenue_m_std_dev | C57: 6.47
B58: revenue_m_n_est | C58: 8 | M58: Cover revenue contributors
B59: revenue_m_guidance | C59: 1659.3 | M59: Matches 1Q26A net sales (company guided 1Q27 net sales flat)
B60: revenue_m_guidance_low
B61: revenue_m_guidance_high
B62: ebitda_m | C62: 261.97 | M62: Cover consensus EBITDA
B63: ebit_m | C63: 157.38
B64: ebt_excl_excep_m | C64: 107.8
B65: ebt_gaap_m
B66: net_income_excl_excep_m | C66: 80.97 | M66: Cover consensus normalized net income
B67: net_income_gaap_m | C67: 73.68 | M67: Cover consensus GAAP net income
B68: gross_margin_pct | C68: 18.04
B69: effective_tax_rate_pct | C69: 28.4
B70: d_and_a_m | C70: 101.98
B71: capex_m | C71: -100
B72: cfo_m | C72: 227
B73: fcf_m | C73: 127
B74: interest_expense_m
B75: net_debt_m
B76: cfps | C76: 2.39
B77: bvps | C77: 14.38
B78: dps | C78: 0.38
B79: nav_m
B80: navps
B81: roe_pct
B82: adj_nii_per_share_consensus
B83: target_price_mean | C83: 54.33 | M83: Not used (target-price columns contain malformed ranges per task instructions)
B84: target_price_median | C84: 53.5 | M84: Not used (target-price columns contain malformed ranges per task instructions)
B85: target_price_high | C85: 65 | M85: Not used (target-price columns contain malformed ranges per task instructions)
B86: target_price_low | C86: 46 | M86: Not used (target-price columns contain malformed ranges per task instructions)
B87: target_price_std_dev | C87: 4.61 | M87: Not used (target-price columns contain malformed ranges per task instructions)
B88: target_price_n_est | C88: 12 | M88: Not used (target-price columns contain malformed ranges per task instructions)
B89: recommendation | C89: Outperform
B90: recommendation_score | C90: 2.5
B91: last_close_price | C91: 43.6
B92: wk52_high_low | C92: 67.07/37.62
B93: currency | C93: USD
B94: units | C94: per-share in USD; revenue and income in USD millions
B95: estimates_captured_at | C95: 46299
B96: notes
B98: C. LW_history.csv — six historical rows, all columns (raw)
B99: period_end_date | C99: report_date | D99: eps_normalized_consensus | E99: eps_normalized_actual | F99: eps_gaap_consensus | G99: eps_gaap_actual | H99: revenue_m_consensus | I99: revenue_m_actual | J99: Strict beat (norm.) | K99: Surprise ($/sh) | L99: Revenue beat | M99: Model period / use
B100: 45716 | C100: 45750 | D100: 0.87 | E100: 1.1 | F100: 0.69 | G100: 1.03 | H100: 1492.67 | I100: 1520.5 | J100: =E100>D100 -> TRUE | K100: =E100-D100 -> 0.23 | L100: =I100>H100 -> TRUE | M100: 3Q25 (not in model columns; calibration only). CapIQ month-end label; fiscal quarter ended Feb-2025
B101: 45808 | C101: 45861 | D101: 0.63 | E101: 0.87 | F101: 0.51 | G101: 0.85 | H101: 1589.32 | I101: 1675.8 | J101: =E101>D101 -> TRUE | K101: =E101-D101 -> 0.24 | L101: =I101>H101 -> TRUE | M101: 4Q25 (Revenue summary prior-year 4Q column). CapIQ label 2025-05-31 = fiscal end 2025-05-25
B102: 45900 | C102: 45930 | D102: 0.53 | E102: 0.74 | F102: 0.44 | G102: 0.46 | H102: 1615.75 | I102: 1659.3 | J102: =E102>D102 -> TRUE | K102: =E102-D102 -> 0.21 | L102: =I102>H102 -> TRUE | M102: 1Q26A. CapIQ label 2025-08-31 = fiscal end 2025-08-24
B103: 45991 | C103: 46010 | D103: 0.65 | E103: 0.69 | F103: 0.58 | G103: 0.44 | H103: 1590.27 | I103: 1618.1 | J103: =E103>D103 -> TRUE | K103: =E103-D103 -> 0.04 | L103: =I103>H103 -> TRUE | M103: 2Q26A. CapIQ label 2025-11-30 = fiscal end 2025-11-23
B104: 46081 | C104: 46113 | D104: 0.61 | E104: 0.72 | F104: 0.51 | G104: 0.39 | H104: 1486.19 | I104: 1564.8 | J104: =E104>D104 -> TRUE | K104: =E104-D104 -> 0.11 | L104: =I104>H104 -> TRUE | M104: 3Q26A. CapIQ label 2026-02-28 = fiscal end 2026-02-22
B105: 46173 | C105: 46227 | D105: 0.63 | E105: 0.87 | F105: 0.53 | G105: 0.79 | H105: 1692.07 | I105: 1770.1 | J105: =E105>D105 -> TRUE | K105: =E105-D105 -> 0.24 | L105: =I105>H105 -> TRUE | M105: 4Q26A. CapIQ label 2026-05-31 = fiscal end 2026-05-31 (14 weeks)
B107: D. Beat-probability calibration (forecasting playbook v2, size-aware prior)
...
